Workbook
Name BalanceX: OFFSET(Calc!$C$5,3,0,1,Calc!$C$13)
Name BenefitsX: OFFSET(Calc!$C$5,1,0,1,Calc!$C$13)
Name chartList: Calc!$B$13:$B$33
Name CostsX: OFFSET(Calc!$C$5,0,0,1,Calc!$C$13)
Name Investment_Year: Calc!$Y$4:$Y$34
Name Label: OFFSET(Calc!$AR$4,6,0,1,Calc!$AK$4+1)
Name LabelX: OFFSET(Calc!$C$5,4,0,1,Calc!$C$13)
Name LabelY: OFFSET(Calc!$C$5,-1,0,1,Calc!$C$13)
Name totalCost: CostBennefitAnalysis!$Z$48
Name totalIncome: CostBennefitAnalysis!$Z$85
Name xChart: OFFSET(Calc!$AR$4,0,0,1,Calc!$AK$4+1)
Name Y1Chart: OFFSET(Calc!$AR$4,1,0,1,Calc!$AK$4+1)
Name Y2Chart: OFFSET(Calc!$AR$4,2,0,1,Calc!$AK$4+1)
Name Y3Chart: OFFSET(Calc!$AR$4,3,0,1,Calc!$AK$4+1)
Name Y4Chart: OFFSET(Calc!$AR$4,4,0,1,Calc!$AK$4+1)
Name Y5Chart: OFFSET(Calc!$AR$4,5,0,1,Calc!$AK$4+1)
Name YearlyProfitX: OFFSET(Calc!$C$5,2,0,1,Calc!$C$13)

Sheet CostBennefitAnalysis
D2: COST BENEFIT ANALYSIS TEMPLATE
D3: COST BENEFIT ANALYSIS
Z6: =IF(LEN(Calc!C11)>0,"ROI PLANNED IN "& Calc!C11,"ROI ABOVE 20 YEARS") -> ROI PLANNED IN Year 4
Z8: SHOW CHART FOR NEXT
Z9: 6 Years
C13: # | D13: Cost Type | E13: Yearly Increase % | F13: Year 1 | G13: Year 2 | H13: Year 3 | I13: Year 4 | J13: Year 5 | K13: Year 6 | L13: Year 7 | M13: Year 8 | N13: Year 9 | O13: Year 10 | P13: Year 11 | Q13: Year 12 | R13: Year 13 | S13: Year 14 | T13: Year 15 | U13: Year 16 | V13: Year 17 | W13: Year 18 | X13: Year 19 | Y13: Year 20 | Z13: Total
C14: =IF(OR(D14="Non-recuring costs",D14="Recuring costs"),"# ",IF(LEN(D14)>0,MAX($C$13:C13)+1,"")) -> # | D14: Recuring costs | Z14: =IF(ISNUMBER(C14),SUM(E14:Y14),"")
C15: =IF(OR(D15="Non-recuring costs",D15="Recuring costs"),"# ",IF(LEN(D15)>0,MAX($C$13:C14)+1,"")) -> 1 | D15: Maintenance check | E15: 0.01 | F15: 150 | G15: =IF(ISNUMBER($F15),F15+F15*$E15,"") -> 151.5 | H15: =IF(ISNUMBER($F15),G15+G15*$E15,"") -> 153.015 | I15: =IF(ISNUMBER($F15),H15+H15*$E15,"") -> 154.54515 | J15: =IF(ISNUMBER($F15),I15+I15*$E15,"") -> 156.0906 | K15: =IF(ISNUMBER($F15),J15+J15*$E15,"") -> 157.65151 | L15: =IF(ISNUMBER($F15),K15+K15*$E15,"") -> 159.22802 | M15: =IF(ISNUMBER($F15),L15+L15*$E15,"") -> 160.8203 | N15: =IF(ISNUMBER($F15),M15+M15*$E15,"") -> 162.42851 | ... Y15: =IF(ISNUMBER($F15),X15+X15*$E15,"") -> 181.21634 | Z15: =IF(ISNUMBER(C15),SUM(E15:Y15),"") -> 3302.8606
C16: =IF(OR(D16="Non-recuring costs",D16="Recuring costs"),"# ",IF(LEN(D16)>0,MAX($C$13:C15)+1,"")) -> 2 | D16: Belt change | E16: 0.02 | F16: 350 | G16: =IF(ISNUMBER($F16),F16+F16*$E16,"") -> 357 | H16: =IF(ISNUMBER($F16),G16+G16*$E16,"") -> 364.14 | I16: =IF(ISNUMBER($F16),H16+H16*$E16,"") -> 371.4228 | J16: =IF(ISNUMBER($F16),I16+I16*$E16,"") -> 378.85126 | K16: =IF(ISNUMBER($F16),J16+J16*$E16,"") -> 386.42828 | L16: =IF(ISNUMBER($F16),K16+K16*$E16,"") -> 394.15685 | M16: =IF(ISNUMBER($F16),L16+L16*$E16,"") -> 402.03998 | N16: =IF(ISNUMBER($F16),M16+M16*$E16,"") -> 410.08078 | ... Y16: =IF(ISNUMBER($F16),X16+X16*$E16,"") -> 509.88391 | Z16: =IF(ISNUMBER(C16),SUM(E16:Y16),"") -> 8504.0994
C17: =IF(OR(D17="Non-recuring costs",D17="Recuring costs"),"# ",IF(LEN(D17)>0,MAX($C$13:C16)+1,"")) -> 3 | D17: Oil change | E17: 0.04 | F17: 130 | G17: =IF(ISNUMBER($F17),F17+F17*$E17,"") -> 135.2 | H17: =IF(ISNUMBER($F17),G17+G17*$E17,"") -> 140.608 | I17: =IF(ISNUMBER($F17),H17+H17*$E17,"") -> 146.23232 | J17: =IF(ISNUMBER($F17),I17+I17*$E17,"") -> 152.08161 | K17: =IF(ISNUMBER($F17),J17+J17*$E17,"") -> 158.16488 | L17: =IF(ISNUMBER($F17),K17+K17*$E17,"") -> 164.49147 | M17: =IF(ISNUMBER($F17),L17+L17*$E17,"") -> 171.07113 | N17: =IF(ISNUMBER($F17),M17+M17*$E17,"") -> 177.91398 | ... Y17: =IF(ISNUMBER($F17),X17+X17*$E17,"") -> 273.89039 | Z17: =IF(ISNUMBER(C17),SUM(E17:Y17),"") -> 3871.1902
C18: =IF(OR(D18="Non-recuring costs",D18="Recuring costs"),"# ",IF(LEN(D18)>0,MAX($C$13:C17)+1,"")) -> 4 | D18: Machine operator | E18: 0 | F18: 1500 | G18: =IF(ISNUMBER($F18),F18+F18*$E18,"") -> 1500 | H18: =IF(ISNUMBER($F18),G18+G18*$E18,"") -> 1500 | I18: =IF(ISNUMBER($F18),H18+H18*$E18,"") -> 1500 | J18: =IF(ISNUMBER($F18),I18+I18*$E18,"") -> 1500 | K18: =IF(ISNUMBER($F18),J18+J18*$E18,"") -> 1500 | L18: =IF(ISNUMBER($F18),K18+K18*$E18,"") -> 1500 | M18: =IF(ISNUMBER($F18),L18+L18*$E18,"") -> 1500 | N18: =IF(ISNUMBER($F18),M18+M18*$E18,"") -> 1500 | ... Y18: =IF(ISNUMBER($F18),X18+X18*$E18,"") -> 1500 | Z18: =IF(ISNUMBER(C18),SUM(E18:Y18),"") -> 30000
C19: =IF(OR(D19="Non-recuring costs",D19="Recuring costs"),"# ",IF(LEN(D19)>0,MAX($C$13:C18)+1,"")) | G19: =IF(ISNUMBER($F19),F19+F19*$E19,"") | H19: =IF(ISNUMBER($F19),G19+G19*$E19,"") | I19: =IF(ISNUMBER($F19),H19+H19*$E19,"") | J19: =IF(ISNUMBER($F19),I19+I19*$E19,"") | K19: =IF(ISNUMBER($F19),J19+J19*$E19,"") | L19: =IF(ISNUMBER($F19),K19+K19*$E19,"") | M19: =IF(ISNUMBER($F19),L19+L19*$E19,"") | N19: =IF(ISNUMBER($F19),M19+M19*$E19,"") | ... Y19: =IF(ISNUMBER($F19),X19+X19*$E19,"") | Z19: =IF(ISNUMBER(C19),SUM(E19:Y19),"")
C20: =IF(OR(D20="Non-recuring costs",D20="Recuring costs"),"# ",IF(LEN(D20)>0,MAX($C$13:C19)+1,"")) | G20: =IF(ISNUMBER($F20),F20+F20*$E20,"") | H20: =IF(ISNUMBER($F20),G20+G20*$E20,"") | I20: =IF(ISNUMBER($F20),H20+H20*$E20,"") | J20: =IF(ISNUMBER($F20),I20+I20*$E20,"") | K20: =IF(ISNUMBER($F20),J20+J20*$E20,"") | L20: =IF(ISNUMBER($F20),K20+K20*$E20,"") | M20: =IF(ISNUMBER($F20),L20+L20*$E20,"") | N20: =IF(ISNUMBER($F20),M20+M20*$E20,"") | ... Y20: =IF(ISNUMBER($F20),X20+X20*$E20,"") | Z20: =IF(ISNUMBER(C20),SUM(E20:Y20),"")
C21: =IF(OR(D21="Non-recuring costs",D21="Recuring costs"),"# ",IF(LEN(D21)>0,MAX($C$13:C20)+1,"")) | G21: =IF(ISNUMBER($F21),F21+F21*$E21,"") | H21: =IF(ISNUMBER($F21),G21+G21*$E21,"") | I21: =IF(ISNUMBER($F21),H21+H21*$E21,"") | J21: =IF(ISNUMBER($F21),I21+I21*$E21,"") | K21: =IF(ISNUMBER($F21),J21+J21*$E21,"") | L21: =IF(ISNUMBER($F21),K21+K21*$E21,"") | M21: =IF(ISNUMBER($F21),L21+L21*$E21,"") | N21: =IF(ISNUMBER($F21),M21+M21*$E21,"") | ... Y21: =IF(ISNUMBER($F21),X21+X21*$E21,"") | Z21: =IF(ISNUMBER(C21),SUM(E21:Y21),"")
C22: =IF(OR(D22="Non-recuring costs",D22="Recuring costs"),"# ",IF(LEN(D22)>0,MAX($C$13:C21)+1,"")) | G22: =IF(ISNUMBER($F22),F22+F22*$E22,"") | H22: =IF(ISNUMBER($F22),G22+G22*$E22,"") | I22: =IF(ISNUMBER($F22),H22+H22*$E22,"") | J22: =IF(ISNUMBER($F22),I22+I22*$E22,"") | K22: =IF(ISNUMBER($F22),J22+J22*$E22,"") | L22: =IF(ISNUMBER($F22),K22+K22*$E22,"") | M22: =IF(ISNUMBER($F22),L22+L22*$E22,"") | N22: =IF(ISNUMBER($F22),M22+M22*$E22,"") | ... Y22: =IF(ISNUMBER($F22),X22+X22*$E22,"") | Z22: =IF(ISNUMBER(C22),SUM(E22:Y22),"")
C23: =IF(OR(D23="Non-recuring costs",D23="Recuring costs"),"# ",IF(LEN(D23)>0,MAX($C$13:C22)+1,"")) | G23: =IF(ISNUMBER($F23),F23+F23*$E23,"") | H23: =IF(ISNUMBER($F23),G23+G23*$E23,"") | I23: =IF(ISNUMBER($F23),H23+H23*$E23,"") | J23: =IF(ISNUMBER($F23),I23+I23*$E23,"") | K23: =IF(ISNUMBER($F23),J23+J23*$E23,"") | L23: =IF(ISNUMBER($F23),K23+K23*$E23,"") | M23: =IF(ISNUMBER($F23),L23+L23*$E23,"") | N23: =IF(ISNUMBER($F23),M23+M23*$E23,"") | ... Y23: =IF(ISNUMBER($F23),X23+X23*$E23,"") | Z23: =IF(ISNUMBER(C23),SUM(E23:Y23),"")
C24: =IF(OR(D24="Non-recuring costs",D24="Recuring costs"),"# ",IF(LEN(D24)>0,MAX($C$13:C23)+1,"")) | G24: =IF(ISNUMBER($F24),F24+F24*$E24,"") | H24: =IF(ISNUMBER($F24),G24+G24*$E24,"") | I24: =IF(ISNUMBER($F24),H24+H24*$E24,"") | J24: =IF(ISNUMBER($F24),I24+I24*$E24,"") | K24: =IF(ISNUMBER($F24),J24+J24*$E24,"") | L24: =IF(ISNUMBER($F24),K24+K24*$E24,"") | M24: =IF(ISNUMBER($F24),L24+L24*$E24,"") | N24: =IF(ISNUMBER($F24),M24+M24*$E24,"") | ... Y24: =IF(ISNUMBER($F24),X24+X24*$E24,"") | Z24: =IF(ISNUMBER(C24),SUM(E24:Y24),"")
C25: =IF(OR(D25="Non-recuring costs",D25="Recuring costs"),"# ",IF(LEN(D25)>0,MAX($C$13:C24)+1,"")) | G25: =IF(ISNUMBER($F25),F25+F25*$E25,"") | H25: =IF(ISNUMBER($F25),G25+G25*$E25,"") | I25: =IF(ISNUMBER($F25),H25+H25*$E25,"") | J25: =IF(ISNUMBER($F25),I25+I25*$E25,"") | K25: =IF(ISNUMBER($F25),J25+J25*$E25,"") | L25: =IF(ISNUMBER($F25),K25+K25*$E25,"") | M25: =IF(ISNUMBER($F25),L25+L25*$E25,"") | N25: =IF(ISNUMBER($F25),M25+M25*$E25,"") | ... Y25: =IF(ISNUMBER($F25),X25+X25*$E25,"") | Z25: =IF(ISNUMBER(C25),SUM(E25:Y25),"")
C26: =IF(OR(D26="Non-recuring costs",D26="Recuring costs"),"# ",IF(LEN(D26)>0,MAX($C$13:C25)+1,"")) | G26: =IF(ISNUMBER($F26),F26+F26*$E26,"") | H26: =IF(ISNUMBER($F26),G26+G26*$E26,"") | I26: =IF(ISNUMBER($F26),H26+H26*$E26,"") | J26: =IF(ISNUMBER($F26),I26+I26*$E26,"") | K26: =IF(ISNUMBER($F26),J26+J26*$E26,"") | L26: =IF(ISNUMBER($F26),K26+K26*$E26,"") | M26: =IF(ISNUMBER($F26),L26+L26*$E26,"") | N26: =IF(ISNUMBER($F26),M26+M26*$E26,"") | ... Y26: =IF(ISNUMBER($F26),X26+X26*$E26,"") | Z26: =IF(ISNUMBER(C26),SUM(E26:Y26),"")
C27: =IF(OR(D27="Non-recuring costs",D27="Recuring costs"),"# ",IF(LEN(D27)>0,MAX($C$13:C26)+1,"")) | G27: =IF(ISNUMBER($F27),F27+F27*$E27,"") | H27: =IF(ISNUMBER($F27),G27+G27*$E27,"") | I27: =IF(ISNUMBER($F27),H27+H27*$E27,"") | J27: =IF(ISNUMBER($F27),I27+I27*$E27,"") | K27: =IF(ISNUMBER($F27),J27+J27*$E27,"") | L27: =IF(ISNUMBER($F27),K27+K27*$E27,"") | M27: =IF(ISNUMBER($F27),L27+L27*$E27,"") | N27: =IF(ISNUMBER($F27),M27+M27*$E27,"") | ... Y27: =IF(ISNUMBER($F27),X27+X27*$E27,"") | Z27: =IF(ISNUMBER(C27),SUM(E27:Y27),"")
C28: =IF(OR(D28="Non-recuring costs",D28="Recuring costs"),"# ",IF(LEN(D28)>0,MAX($C$13:C27)+1,"")) | G28: =IF(ISNUMBER($F28),F28+F28*$E28,"") | H28: =IF(ISNUMBER($F28),G28+G28*$E28,"") | I28: =IF(ISNUMBER($F28),H28+H28*$E28,"") | J28: =IF(ISNUMBER($F28),I28+I28*$E28,"") | K28: =IF(ISNUMBER($F28),J28+J28*$E28,"") | L28: =IF(ISNUMBER($F28),K28+K28*$E28,"") | M28: =IF(ISNUMBER($F28),L28+L28*$E28,"") | N28: =IF(ISNUMBER($F28),M28+M28*$E28,"") | ... Y28: =IF(ISNUMBER($F28),X28+X28*$E28,"") | Z28: =IF(ISNUMBER(C28),SUM(E28:Y28),"")
C29: =IF(OR(D29="Non-recuring costs",D29="Recuring costs"),"# ",IF(LEN(D29)>0,MAX($C$13:C28)+1,"")) | G29: =IF(ISNUMBER($F29),F29+F29*$E29,"") | H29: =IF(ISNUMBER($F29),G29+G29*$E29,"") | I29: =IF(ISNUMBER($F29),H29+H29*$E29,"") | J29: =IF(ISNUMBER($F29),I29+I29*$E29,"") | K29: =IF(ISNUMBER($F29),J29+J29*$E29,"") | L29: =IF(ISNUMBER($F29),K29+K29*$E29,"") | M29: =IF(ISNUMBER($F29),L29+L29*$E29,"") | N29: =IF(ISNUMBER($F29),M29+M29*$E29,"") | ... Y29: =IF(ISNUMBER($F29),X29+X29*$E29,"") | Z29: =IF(ISNUMBER(C29),SUM(E29:Y29),"")
C30: =IF(OR(D30="Non-recuring costs",D30="Recuring costs"),"# ",IF(LEN(D30)>0,MAX($C$13:C29)+1,"")) | G30: =IF(ISNUMBER($F30),F30+F30*$E30,"") | H30: =IF(ISNUMBER($F30),G30+G30*$E30,"") | I30: =IF(ISNUMBER($F30),H30+H30*$E30,"") | J30: =IF(ISNUMBER($F30),I30+I30*$E30,"") | K30: =IF(ISNUMBER($F30),J30+J30*$E30,"") | L30: =IF(ISNUMBER($F30),K30+K30*$E30,"") | M30: =IF(ISNUMBER($F30),L30+L30*$E30,"") | N30: =IF(ISNUMBER($F30),M30+M30*$E30,"") | ... Y30: =IF(ISNUMBER($F30),X30+X30*$E30,"") | Z30: =IF(ISNUMBER(C30),SUM(E30:Y30),"")
C31: =IF(OR(D31="Non-recuring costs",D31="Recuring costs"),"# ",IF(LEN(D31)>0,MAX($C$13:C30)+1,"")) -> # | D31: Non-recuring costs | E31: Year 0 | F31: Year 1 | G31: Year 2 | H31: Year 3 | I31: Year 4 | J31: Year 5 | K31: Year 6 | L31: Year 7 | M31: Year 8 | N31: Year 9 | O31: Year 10 | P31: Year 11 | Q31: Year 12 | R31: Year 13 | S31: Year 14 | T31: Year 15 | U31: Year 16 | V31: Year 17 | W31: Year 18 | X31: Year 19 | Y31: Year 20 | Z31: =IF(ISNUMBER(C31),SUM(E31:Y31),"")
C32: =IF(OR(D32="Non-recuring costs",D32="Recuring costs"),"# ",IF(LEN(D32)>0,MAX($C$13:C31)+1,"")) -> 5 | D32: New packing cell | E32: 110000 | Z32: =IF(ISNUMBER(C32),SUM(E32:Y32),"") -> 110000
C33: =IF(OR(D33="Non-recuring costs",D33="Recuring costs"),"# ",IF(LEN(D33)>0,MAX($C$13:C32)+1,"")) -> 6 | D33: Reorganization of factory area | E33: 10000 | Z33: =IF(ISNUMBER(C33),SUM(E33:Y33),"") -> 10000
C34: =IF(OR(D34="Non-recuring costs",D34="Recuring costs"),"# ",IF(LEN(D34)>0,MAX($C$13:C33)+1,"")) -> 7 | D34: ABC | Z34: =IF(ISNUMBER(C34),SUM(E34:Y34),"") -> 0
C35: =IF(OR(D35="Non-recuring costs",D35="Recuring costs"),"# ",IF(LEN(D35)>0,MAX($C$13:C34)+1,"")) | Z35: =IF(ISNUMBER(C35),SUM(E35:Y35),"")
C36: =IF(OR(D36="Non-recuring costs",D36="Recuring costs"),"# ",IF(LEN(D36)>0,MAX($C$13:C35)+1,"")) | Z36: =IF(ISNUMBER(C36),SUM(E36:Y36),"")
C37: =IF(OR(D37="Non-recuring costs",D37="Recuring costs"),"# ",IF(LEN(D37)>0,MAX($C$13:C36)+1,"")) | Z37: =IF(ISNUMBER(C37),SUM(E37:Y37),"")
C38: =IF(OR(D38="Non-recuring costs",D38="Recuring costs"),"# ",IF(LEN(D38)>0,MAX($C$13:C37)+1,"")) | Z38: =IF(ISNUMBER(C38),SUM(E38:Y38),"")
C39: =IF(OR(D39="Non-recuring costs",D39="Recuring costs"),"# ",IF(LEN(D39)>0,MAX($C$13:C38)+1,"")) | Z39: =IF(ISNUMBER(C39),SUM(E39:Y39),"")
C40: =IF(OR(D40="Non-recuring costs",D40="Recuring costs"),"# ",IF(LEN(D40)>0,MAX($C$13:C39)+1,"")) | Z40: =IF(ISNUMBER(C40),SUM(E40:Y40),"")
C41: =IF(OR(D41="Non-recuring costs",D41="Recuring costs"),"# ",IF(LEN(D41)>0,MAX($C$13:C40)+1,"")) | Z41: =IF(ISNUMBER(C41),SUM(E41:Y41),"")
C42: =IF(OR(D42="Non-recuring costs",D42="Recuring costs"),"# ",IF(LEN(D42)>0,MAX($C$13:C41)+1,"")) | Z42: =IF(ISNUMBER(C42),SUM(E42:Y42),"")
C43: =IF(OR(D43="Non-recuring costs",D43="Recuring costs"),"# ",IF(LEN(D43)>0,MAX($C$13:C42)+1,"")) | Z43: =IF(ISNUMBER(C43),SUM(E43:Y43),"")
C44: =IF(OR(D44="Non-recuring costs",D44="Recuring costs"),"# ",IF(LEN(D44)>0,MAX($C$13:C43)+1,"")) | Z44: =IF(ISNUMBER(C44),SUM(E44:Y44),"")
C45: =IF(OR(D45="Non-recuring costs",D45="Recuring costs"),"# ",IF(LEN(D45)>0,MAX($C$13:C44)+1,"")) | Z45: =IF(ISNUMBER(C45),SUM(E45:Y45),"")
C46: =IF(OR(D46="Non-recuring costs",D46="Recuring costs"),"# ",IF(LEN(D46)>0,MAX($C$13:C45)+1,"")) | Z46: =IF(ISNUMBER(C46),SUM(E46:Y46),"")
C47: =IF(OR(D47="Non-recuring costs",D47="Recuring costs"),"# ",IF(LEN(D47)>0,MAX($C$13:C46)+1,"")) | Z47: =IF(ISNUMBER(C47),SUM(E47:Y47),"")
D48: Total Cost | E48: =SUBTOTAL(109,E14:E47) -> 120000.07 | F48: =SUBTOTAL(109,F14:F47) -> 2130 | G48: =SUBTOTAL(109,G14:G47) -> 2143.7 | H48: =SUBTOTAL(109,H14:H47) -> 2157.763 | I48: =SUBTOTAL(109,I14:I47) -> 2172.2003 | J48: =SUBTOTAL(109,J14:J47) -> 2187.0235 | K48: =SUBTOTAL(109,K14:K47) -> 2202.2447 | L48: =SUBTOTAL(109,L14:L47) -> 2217.8763 | ... Z48: =SUBTOTAL(109,Z14:Z47) -> 165678.15
C50: # | D50: Benefit Type | E50: Yearly Increase % | F50: Year 1 | G50: Year 2 | H50: Year 3 | I50: Year 4 | J50: Year 5 | K50: Year 6 | L50: Year 7 | M50: Year 8 | N50: Year 9 | O50: Year 10 | P50: Year 11 | Q50: Year 12 | R50: Year 13 | S50: Year 14 | T50: Year 15 | U50: Year 16 | V50: Year 17 | W50: Year 18 | X50: Year 19 | Y50: Year 20 | Z50: Total
C51: =IF(OR(D51="Non-recuring benefits",D51="Recuring benefits"),"# ",IF(LEN(D51)>0,MAX($C$50:C50)+1,"")) -> # | D51: Recuring benefits | Z51: =IF(ISNUMBER(C51),SUM(E51:Y51),"")
C52: =IF(OR(D52="Non-recuring benefits",D52="Recuring benefits"),"# ",IF(LEN(D52)>0,MAX($C$50:C51)+1,"")) -> 1 | D52: 5 operators less | E52: 0.01 | F52: 12000 | G52: =IF(ISNUMBER($F52),F52+F52*$E52,"") -> 12120 | H52: =IF(ISNUMBER($F52),G52+G52*$E52,"") -> 12241.2 | I52: =IF(ISNUMBER($F52),H52+H52*$E52,"") -> 12363.612 | J52: =IF(ISNUMBER($F52),I52+I52*$E52,"") -> 12487.248 | K52: =IF(ISNUMBER($F52),J52+J52*$E52,"") -> 12612.121 | L52: =IF(ISNUMBER($F52),K52+K52*$E52,"") -> 12738.242 | M52: =IF(ISNUMBER($F52),L52+L52*$E52,"") -> 12865.624 | N52: =IF(ISNUMBER($F52),M52+M52*$E52,"") -> 12994.28 | ... Y52: =IF(ISNUMBER($F52),X52+X52*$E52,"") -> 14497.307 | Z52: =IF(ISNUMBER(C52),SUM(E52:Y52),"") -> 264228.06
C53: =IF(OR(D53="Non-recuring benefits",D53="Recuring benefits"),"# ",IF(LEN(D53)>0,MAX($C$50:C52)+1,"")) -> 2 | D53: production increased 20% | E53: 0.04 | F53: 15000 | G53: =IF(ISNUMBER($F53),F53+F53*$E53,"") -> 15600 | H53: =IF(ISNUMBER($F53),G53+G53*$E53,"") -> 16224 | I53: =IF(ISNUMBER($F53),H53+H53*$E53,"") -> 16872.96 | J53: =IF(ISNUMBER($F53),I53+I53*$E53,"") -> 17547.878 | K53: =IF(ISNUMBER($F53),J53+J53*$E53,"") -> 18249.794 | L53: =IF(ISNUMBER($F53),K53+K53*$E53,"") -> 18979.785 | M53: =IF(ISNUMBER($F53),L53+L53*$E53,"") -> 19738.977 | N53: =IF(ISNUMBER($F53),M53+M53*$E53,"") -> 20528.536 | ... Y53: =IF(ISNUMBER($F53),X53+X53*$E53,"") -> 31602.738 | Z53: =IF(ISNUMBER(C53),SUM(E53:Y53),"") -> 446671.22
C54: =IF(OR(D54="Non-recuring benefits",D54="Recuring benefits"),"# ",IF(LEN(D54)>0,MAX($C$50:C53)+1,"")) | G54: =IF(ISNUMBER($F54),F54+F54*$E54,"") | H54: =IF(ISNUMBER($F54),G54+G54*$E54,"") | I54: =IF(ISNUMBER($F54),H54+H54*$E54,"") | J54: =IF(ISNUMBER($F54),I54+I54*$E54,"") | K54: =IF(ISNUMBER($F54),J54+J54*$E54,"") | L54: =IF(ISNUMBER($F54),K54+K54*$E54,"") | M54: =IF(ISNUMBER($F54),L54+L54*$E54,"") | N54: =IF(ISNUMBER($F54),M54+M54*$E54,"") | ... Y54: =IF(ISNUMBER($F54),X54+X54*$E54,"") | Z54: =IF(ISNUMBER(C54),SUM(E54:Y54),"")
C55: =IF(OR(D55="Non-recuring benefits",D55="Recuring benefits"),"# ",IF(LEN(D55)>0,MAX($C$50:C54)+1,"")) | G55: =IF(ISNUMBER($F55),F55+F55*$E55,"") | H55: =IF(ISNUMBER($F55),G55+G55*$E55,"") | I55: =IF(ISNUMBER($F55),H55+H55*$E55,"") | J55: =IF(ISNUMBER($F55),I55+I55*$E55,"") | K55: =IF(ISNUMBER($F55),J55+J55*$E55,"") | L55: =IF(ISNUMBER($F55),K55+K55*$E55,"") | M55: =IF(ISNUMBER($F55),L55+L55*$E55,"") | N55: =IF(ISNUMBER($F55),M55+M55*$E55,"") | ... Y55: =IF(ISNUMBER($F55),X55+X55*$E55,"") | Z55: =IF(ISNUMBER(C55),SUM(E55:Y55),"")
C56: =IF(OR(D56="Non-recuring benefits",D56="Recuring benefits"),"# ",IF(LEN(D56)>0,MAX($C$50:C55)+1,"")) | G56: =IF(ISNUMBER($F56),F56+F56*$E56,"") | H56: =IF(ISNUMBER($F56),G56+G56*$E56,"") | I56: =IF(ISNUMBER($F56),H56+H56*$E56,"") | J56: =IF(ISNUMBER($F56),I56+I56*$E56,"") | K56: =IF(ISNUMBER($F56),J56+J56*$E56,"") | L56: =IF(ISNUMBER($F56),K56+K56*$E56,"") | M56: =IF(ISNUMBER($F56),L56+L56*$E56,"") | N56: =IF(ISNUMBER($F56),M56+M56*$E56,"") | ... Y56: =IF(ISNUMBER($F56),X56+X56*$E56,"") | Z56: =IF(ISNUMBER(C56),SUM(E56:Y56),"")
C57: =IF(OR(D57="Non-recuring benefits",D57="Recuring benefits"),"# ",IF(LEN(D57)>0,MAX($C$50:C56)+1,"")) | G57: =IF(ISNUMBER($F57),F57+F57*$E57,"") | H57: =IF(ISNUMBER($F57),G57+G57*$E57,"") | I57: =IF(ISNUMBER($F57),H57+H57*$E57,"") | J57: =IF(ISNUMBER($F57),I57+I57*$E57,"") | K57: =IF(ISNUMBER($F57),J57+J57*$E57,"") | L57: =IF(ISNUMBER($F57),K57+K57*$E57,"") | M57: =IF(ISNUMBER($F57),L57+L57*$E57,"") | N57: =IF(ISNUMBER($F57),M57+M57*$E57,"") | ... Y57: =IF(ISNUMBER($F57),X57+X57*$E57,"") | Z57: =IF(ISNUMBER(C57),SUM(E57:Y57),"")
C58: =IF(OR(D58="Non-recuring benefits",D58="Recuring benefits"),"# ",IF(LEN(D58)>0,MAX($C$50:C57)+1,"")) | G58: =IF(ISNUMBER($F58),F58+F58*$E58,"") | H58: =IF(ISNUMBER($F58),G58+G58*$E58,"") | I58: =IF(ISNUMBER($F58),H58+H58*$E58,"") | J58: =IF(ISNUMBER($F58),I58+I58*$E58,"") | K58: =IF(ISNUMBER($F58),J58+J58*$E58,"") | L58: =IF(ISNUMBER($F58),K58+K58*$E58,"") | M58: =IF(ISNUMBER($F58),L58+L58*$E58,"") | N58: =IF(ISNUMBER($F58),M58+M58*$E58,"") | ... Y58: =IF(ISNUMBER($F58),X58+X58*$E58,"") | Z58: =IF(ISNUMBER(C58),SUM(E58:Y58),"")
C59: =IF(OR(D59="Non-recuring benefits",D59="Recuring benefits"),"# ",IF(LEN(D59)>0,MAX($C$50:C58)+1,"")) | G59: =IF(ISNUMBER($F59),F59+F59*$E59,"") | H59: =IF(ISNUMBER($F59),G59+G59*$E59,"") | I59: =IF(ISNUMBER($F59),H59+H59*$E59,"") | J59: =IF(ISNUMBER($F59),I59+I59*$E59,"") | K59: =IF(ISNUMBER($F59),J59+J59*$E59,"") | L59: =IF(ISNUMBER($F59),K59+K59*$E59,"") | M59: =IF(ISNUMBER($F59),L59+L59*$E59,"") | N59: =IF(ISNUMBER($F59),M59+M59*$E59,"") | ... Y59: =IF(ISNUMBER($F59),X59+X59*$E59,"") | Z59: =IF(ISNUMBER(C59),SUM(E59:Y59),"")
C60: =IF(OR(D60="Non-recuring benefits",D60="Recuring benefits"),"# ",IF(LEN(D60)>0,MAX($C$50:C59)+1,"")) | G60: =IF(ISNUMBER($F60),F60+F60*$E60,"") | H60: =IF(ISNUMBER($F60),G60+G60*$E60,"") | I60: =IF(ISNUMBER($F60),H60+H60*$E60,"") | J60: =IF(ISNUMBER($F60),I60+I60*$E60,"") | K60: =IF(ISNUMBER($F60),J60+J60*$E60,"") | L60: =IF(ISNUMBER($F60),K60+K60*$E60,"") | M60: =IF(ISNUMBER($F60),L60+L60*$E60,"") | N60: =IF(ISNUMBER($F60),M60+M60*$E60,"") | ... Y60: =IF(ISNUMBER($F60),X60+X60*$E60,"") | Z60: =IF(ISNUMBER(C60),SUM(E60:Y60),"")
C61: =IF(OR(D61="Non-recuring benefits",D61="Recuring benefits"),"# ",IF(LEN(D61)>0,MAX($C$50:C60)+1,"")) | G61: =IF(ISNUMBER($F61),F61+F61*$E61,"") | H61: =IF(ISNUMBER($F61),G61+G61*$E61,"") | I61: =IF(ISNUMBER($F61),H61+H61*$E61,"") | J61: =IF(ISNUMBER($F61),I61+I61*$E61,"") | K61: =IF(ISNUMBER($F61),J61+J61*$E61,"") | L61: =IF(ISNUMBER($F61),K61+K61*$E61,"") | M61: =IF(ISNUMBER($F61),L61+L61*$E61,"") | N61: =IF(ISNUMBER($F61),M61+M61*$E61,"") | ... Y61: =IF(ISNUMBER($F61),X61+X61*$E61,"") | Z61: =IF(ISNUMBER(C61),SUM(E61:Y61),"")
C62: =IF(OR(D62="Non-recuring benefits",D62="Recuring benefits"),"# ",IF(LEN(D62)>0,MAX($C$50:C61)+1,"")) | G62: =IF(ISNUMBER($F62),F62+F62*$E62,"") | H62: =IF(ISNUMBER($F62),G62+G62*$E62,"") | I62: =IF(ISNUMBER($F62),H62+H62*$E62,"") | J62: =IF(ISNUMBER($F62),I62+I62*$E62,"") | K62: =IF(ISNUMBER($F62),J62+J62*$E62,"") | L62: =IF(ISNUMBER($F62),K62+K62*$E62,"") | M62: =IF(ISNUMBER($F62),L62+L62*$E62,"") | N62: =IF(ISNUMBER($F62),M62+M62*$E62,"") | ... Y62: =IF(ISNUMBER($F62),X62+X62*$E62,"") | Z62: =IF(ISNUMBER(C62),SUM(E62:Y62),"")
C63: =IF(OR(D63="Non-recuring benefits",D63="Recuring benefits"),"# ",IF(LEN(D63)>0,MAX($C$50:C62)+1,"")) | G63: =IF(ISNUMBER($F63),F63+F63*$E63,"") | H63: =IF(ISNUMBER($F63),G63+G63*$E63,"") | I63: =IF(ISNUMBER($F63),H63+H63*$E63,"") | J63: =IF(ISNUMBER($F63),I63+I63*$E63,"") | K63: =IF(ISNUMBER($F63),J63+J63*$E63,"") | L63: =IF(ISNUMBER($F63),K63+K63*$E63,"") | M63: =IF(ISNUMBER($F63),L63+L63*$E63,"") | N63: =IF(ISNUMBER($F63),M63+M63*$E63,"") | ... Y63: =IF(ISNUMBER($F63),X63+X63*$E63,"") | Z63: =IF(ISNUMBER(C63),SUM(E63:Y63),"")
C64: =IF(OR(D64="Non-recuring benefits",D64="Recuring benefits"),"# ",IF(LEN(D64)>0,MAX($C$50:C63)+1,"")) | G64: =IF(ISNUMBER($F64),F64+F64*$E64,"") | H64: =IF(ISNUMBER($F64),G64+G64*$E64,"") | I64: =IF(ISNUMBER($F64),H64+H64*$E64,"") | J64: =IF(ISNUMBER($F64),I64+I64*$E64,"") | K64: =IF(ISNUMBER($F64),J64+J64*$E64,"") | L64: =IF(ISNUMBER($F64),K64+K64*$E64,"") | M64: =IF(ISNUMBER($F64),L64+L64*$E64,"") | N64: =IF(ISNUMBER($F64),M64+M64*$E64,"") | ... Y64: =IF(ISNUMBER($F64),X64+X64*$E64,"") | Z64: =IF(ISNUMBER(C64),SUM(E64:Y64),"")
C65: =IF(OR(D65="Non-recuring benefits",D65="Recuring benefits"),"# ",IF(LEN(D65)>0,MAX($C$50:C64)+1,"")) | G65: =IF(ISNUMBER($F65),F65+F65*$E65,"") | H65: =IF(ISNUMBER($F65),G65+G65*$E65,"") | I65: =IF(ISNUMBER($F65),H65+H65*$E65,"") | J65: =IF(ISNUMBER($F65),I65+I65*$E65,"") | K65: =IF(ISNUMBER($F65),J65+J65*$E65,"") | L65: =IF(ISNUMBER($F65),K65+K65*$E65,"") | M65: =IF(ISNUMBER($F65),L65+L65*$E65,"") | N65: =IF(ISNUMBER($F65),M65+M65*$E65,"") | ... Y65: =IF(ISNUMBER($F65),X65+X65*$E65,"") | Z65: =IF(ISNUMBER(C65),SUM(E65:Y65),"")
... C67: =IF(OR(D67="Non-recuring benefits",D67="Recuring benefits"),"# ",IF(LEN(D67)>0,MAX($C$50:C66)+1,"")) | G67: =IF(ISNUMBER($F67),F67+F67*$E67,"") | H67: =IF(ISNUMBER($F67),G67+G67*$E67,"") | I67: =IF(ISNUMBER($F67),H67+H67*$E67,"") | J67: =IF(ISNUMBER($F67),I67+I67*$E67,"") | K67: =IF(ISNUMBER($F67),J67+J67*$E67,"") | L67: =IF(ISNUMBER($F67),K67+K67*$E67,"") | M67: =IF(ISNUMBER($F67),L67+L67*$E67,"") | N67: =IF(ISNUMBER($F67),M67+M67*$E67,"") | ... Y67: =IF(ISNUMBER($F67),X67+X67*$E67,"") | Z67: =IF(ISNUMBER(C67),SUM(E67:Y67),"")
C68: =IF(OR(D68="Non-recuring benefits",D68="Recuring benefits"),"# ",IF(LEN(D68)>0,MAX($C$50:C67)+1,"")) -> # | D68: Non-recuring benefits | E68: Year 0 | F68: Year 1 | G68: Year 2 | H68: Year 3 | I68: Year 4 | J68: Year 5 | K68: Year 6 | L68: Year 7 | M68: Year 8 | N68: Year 9 | O68: Year 10 | P68: Year 11 | Q68: Year 12 | R68: Year 13 | S68: Year 14 | T68: Year 15 | U68: Year 16 | V68: Year 17 | W68: Year 18 | X68: Year 19 | Y68: Year 20 | Z68: =IF(ISNUMBER(C68),SUM(E68:Y68),"")
C69: =IF(OR(D69="Non-recuring benefits",D69="Recuring benefits"),"# ",IF(LEN(D69)>0,MAX($C$50:C68)+1,"")) -> 3 | D69: EU support for small companies | E69: 15000 | G69: 15000 | I69: 15000 | Z69: =IF(ISNUMBER(C69),SUM(E69:Y69),"") -> 45000
C70: =IF(OR(D70="Non-recuring benefits",D70="Recuring benefits"),"# ",IF(LEN(D70)>0,MAX($C$50:C69)+1,"")) | Z70: =IF(ISNUMBER(C70),SUM(E70:Y70),"")
C71: =IF(OR(D71="Non-recuring benefits",D71="Recuring benefits"),"# ",IF(LEN(D71)>0,MAX($C$50:C70)+1,"")) | Z71: =IF(ISNUMBER(C71),SUM(E71:Y71),"")
C72: =IF(OR(D72="Non-recuring benefits",D72="Recuring benefits"),"# ",IF(LEN(D72)>0,MAX($C$50:C71)+1,"")) | Z72: =IF(ISNUMBER(C72),SUM(E72:Y72),"")
C73: =IF(OR(D73="Non-recuring benefits",D73="Recuring benefits"),"# ",IF(LEN(D73)>0,MAX($C$50:C72)+1,"")) | Z73: =IF(ISNUMBER(C73),SUM(E73:Y73),"")
C74: =IF(OR(D74="Non-recuring benefits",D74="Recuring benefits"),"# ",IF(LEN(D74)>0,MAX($C$50:C73)+1,"")) | Z74: =IF(ISNUMBER(C74),SUM(E74:Y74),"")
C75: =IF(OR(D75="Non-recuring benefits",D75="Recuring benefits"),"# ",IF(LEN(D75)>0,MAX($C$50:C74)+1,"")) | Z75: =IF(ISNUMBER(C75),SUM(E75:Y75),"")
C76: =IF(OR(D76="Non-recuring benefits",D76="Recuring benefits"),"# ",IF(LEN(D76)>0,MAX($C$50:C75)+1,"")) | Z76: =IF(ISNUMBER(C76),SUM(E76:Y76),"")
C77: =IF(OR(D77="Non-recuring benefits",D77="Recuring benefits"),"# ",IF(LEN(D77)>0,MAX($C$50:C76)+1,"")) | Z77: =IF(ISNUMBER(C77),SUM(E77:Y77),"")
C78: =IF(OR(D78="Non-recuring benefits",D78="Recuring benefits"),"# ",IF(LEN(D78)>0,MAX($C$50:C77)+1,"")) | Z78: =IF(ISNUMBER(C78),SUM(E78:Y78),"")
C79: =IF(OR(D79="Non-recuring benefits",D79="Recuring benefits"),"# ",IF(LEN(D79)>0,MAX($C$50:C78)+1,"")) | Z79: =IF(ISNUMBER(C79),SUM(E79:Y79),"")
C80: =IF(OR(D80="Non-recuring benefits",D80="Recuring benefits"),"# ",IF(LEN(D80)>0,MAX($C$50:C79)+1,"")) | Z80: =IF(ISNUMBER(C80),SUM(E80:Y80),"")
C81: =IF(OR(D81="Non-recuring benefits",D81="Recuring benefits"),"# ",IF(LEN(D81)>0,MAX($C$50:C80)+1,"")) | Z81: =IF(ISNUMBER(C81),SUM(E81:Y81),"")
... C84: =IF(OR(D84="Non-recuring benefits",D84="Recuring benefits"),"# ",IF(LEN(D84)>0,MAX($C$50:C83)+1,"")) | Z84: =IF(ISNUMBER(C84),SUM(E84:Y84),"")
D85: Total Benefit | E85: =SUBTOTAL(109,E51:E84) -> 15000.05 | F85: =SUBTOTAL(109,F51:F84) -> 27000 | G85: =SUBTOTAL(109,G51:G84) -> 42720 | H85: =SUBTOTAL(109,H51:H84) -> 28465.2 | I85: =SUBTOTAL(109,I51:I84) -> 44236.572 | J85: =SUBTOTAL(109,J51:J84) -> 30035.127 | K85: =SUBTOTAL(109,K51:K84) -> 30861.914 | L85: =SUBTOTAL(109,L51:L84) -> 31718.027 | ... Z85: =SUBTOTAL(109,Z51:Z84) -> 755899.28
D87: YEARLY NET PROFIT | E87: =E85-E48 -> -105000.02 | F87: =F85-F48 -> 24870 | G87: =G85-G48 -> 40576.3 | H87: =H85-H48 -> 26307.437 | I87: =I85-I48 -> 42064.372 | J87: =J85-J48 -> 27848.103 | K87: =K85-K48 -> 28659.669 | L87: =L85-L48 -> 29500.151 | ... Y87: =Y85-Y48 -> 43635.054
D88: END OF YEAR BALANCE | E88: =E87 -> -105000.02 | F88: =E88+F87 -> -80130.02 | G88: =F88+G87 -> -39553.72 | H88: =G88+H87 -> -13246.283 | I88: =H88+I87 -> 28818.089 | J88: =I88+J87 -> 56666.192 | K88: =J88+K87 -> 85325.861 | L88: =K88+L87 -> 114826.01 | M88: =L88+M87 -> 145196.68 | ... Y88: =X88+Y87 -> 590221.13

Sheet InvestmentsComparison
D2: COST BENEFIT ANALYSIS TEMPLATE
D3: COSTS & BENEFITS COMPARISON
C6: SUMMARY IN
C7: Year 7
C11: # | D11: Options | E11: Investment | F11: Initial Cost (Single Time) | G11: Cost (Yearly) | H11: Benefit source | I11: Initial Income (Single Time) | J11: Income (Yearly) | K11: Cumulative Profit (Chosen Year) | L11: ROI (Years) From Yearly Income
C12: =IF(ROW()=ROW($C$11)+1,1,IF(OR(LEN(D12)>0,AND(COUNTA(D11:$J$212)=0,COUNTA(D10:J10)>0)),MAX($C$11:C11)+1,"")) -> 1 | D12: Buy 3 small flats | E12: Buy flat 20 sqm | F12: 80000 | H12: Flat A rent | J12: 14400 | K12: =IF(ISNUMBER(C12),INDEX(Calc!$AK$4:$AK$54,MATCH(InvestmentsComparison!C12,Calc!$AF$4:$AF$54,0),1),"") -> 176000 | L12: =IF(ISNUMBER(C12),INDEX(Calc!$AL$4:$AL$54,MATCH(InvestmentsComparison!C12,Calc!$AF$4:$AF$54,0),1),"") -> 2.8095238
C13: =IF(ROW()=ROW($C$11)+1,1,IF(OR(LEN(D13)>0,AND(COUNTA(D12:$J$212)=0,COUNTA(D11:J11)>0)),MAX($C$11:C12)+1,"")) | E13: Buy flat 22 sqm | F13: 85000 | H13: Flat B rent | J13: 15000 | K13: =IF(ISNUMBER(C13),INDEX(Calc!$AK$4:$AK$54,MATCH(InvestmentsComparison!C13,Calc!$AF$4:$AF$54,0),1),"") | L13: =IF(ISNUMBER(C13),INDEX(Calc!$AL$4:$AL$54,MATCH(InvestmentsComparison!C13,Calc!$AF$4:$AF$54,0),1),"")
C14: =IF(ROW()=ROW($C$11)+1,1,IF(OR(LEN(D14)>0,AND(COUNTA(D13:$J$212)=0,COUNTA(D12:J12)>0)),MAX($C$11:C13)+1,"")) | E14: Buy flat 19 sqm | F14: 78000 | H14: Flat C rent | J14: 13800 | K14: =IF(ISNUMBER(C14),INDEX(Calc!$AK$4:$AK$54,MATCH(InvestmentsComparison!C14,Calc!$AF$4:$AF$54,0),1),"") | L14: =IF(ISNUMBER(C14),INDEX(Calc!$AL$4:$AL$54,MATCH(InvestmentsComparison!C14,Calc!$AF$4:$AF$54,0),1),"")
C15: =IF(ROW()=ROW($C$11)+1,1,IF(OR(LEN(D15)>0,AND(COUNTA(D14:$J$212)=0,COUNTA(D13:J13)>0)),MAX($C$11:C14)+1,"")) | E15: renowation | F15: 75000 | H15: sell house | I15: 200000 | K15: =IF(ISNUMBER(C15),INDEX(Calc!$AK$4:$AK$54,MATCH(InvestmentsComparison!C15,Calc!$AF$4:$AF$54,0),1),"") | L15: =IF(ISNUMBER(C15),INDEX(Calc!$AL$4:$AL$54,MATCH(InvestmentsComparison!C15,Calc!$AF$4:$AF$54,0),1),"")
C16: =IF(ROW()=ROW($C$11)+1,1,IF(OR(LEN(D16)>0,AND(COUNTA(D15:$J$212)=0,COUNTA(D14:J14)>0)),MAX($C$11:C15)+1,"")) | E16: maintanace | G16: 1200 | K16: =IF(ISNUMBER(C16),INDEX(Calc!$AK$4:$AK$54,MATCH(InvestmentsComparison!C16,Calc!$AF$4:$AF$54,0),1),"") | L16: =IF(ISNUMBER(C16),INDEX(Calc!$AL$4:$AL$54,MATCH(InvestmentsComparison!C16,Calc!$AF$4:$AF$54,0),1),"")
C17: =IF(ROW()=ROW($C$11)+1,1,IF(OR(LEN(D17)>0,AND(COUNTA(D16:$J$212)=0,COUNTA(D15:J15)>0)),MAX($C$11:C16)+1,"")) | K17: =IF(ISNUMBER(C17),INDEX(Calc!$AK$4:$AK$54,MATCH(InvestmentsComparison!C17,Calc!$AF$4:$AF$54,0),1),"") | L17: =IF(ISNUMBER(C17),INDEX(Calc!$AL$4:$AL$54,MATCH(InvestmentsComparison!C17,Calc!$AF$4:$AF$54,0),1),"")
C18: =IF(ROW()=ROW($C$11)+1,1,IF(OR(LEN(D18)>0,AND(COUNTA(D17:$J$212)=0,COUNTA(D16:J16)>0)),MAX($C$11:C17)+1,"")) -> 2 | D18: Buy 2 mediıum flats | E18: flat 42 sqm | F18: 180000 | H18: rent | J18: 30600 | K18: =IF(ISNUMBER(C18),INDEX(Calc!$AK$4:$AK$54,MATCH(InvestmentsComparison!C18,Calc!$AF$4:$AF$54,0),1),"") -> 170500 | L18: =IF(ISNUMBER(C18),INDEX(Calc!$AL$4:$AL$54,MATCH(InvestmentsComparison!C18,Calc!$AF$4:$AF$54,0),1),"") -> 4.2276423
C19: =IF(ROW()=ROW($C$11)+1,1,IF(OR(LEN(D19)>0,AND(COUNTA(D18:$J$212)=0,COUNTA(D17:J17)>0)),MAX($C$11:C18)+1,"")) | E19: flat 48 sqm | F19: 190000 | H19: rent | J19: 31800 | K19: =IF(ISNUMBER(C19),INDEX(Calc!$AK$4:$AK$54,MATCH(InvestmentsComparison!C19,Calc!$AF$4:$AF$54,0),1),"") | L19: =IF(ISNUMBER(C19),INDEX(Calc!$AL$4:$AL$54,MATCH(InvestmentsComparison!C19,Calc!$AF$4:$AF$54,0),1),"")
C20: =IF(ROW()=ROW($C$11)+1,1,IF(OR(LEN(D20)>0,AND(COUNTA(D19:$J$212)=0,COUNTA(D18:J18)>0)),MAX($C$11:C19)+1,"")) | E20: renowation | F20: 90000 | H20: sell house | I20: 200000 | K20: =IF(ISNUMBER(C20),INDEX(Calc!$AK$4:$AK$54,MATCH(InvestmentsComparison!C20,Calc!$AF$4:$AF$54,0),1),"") | L20: =IF(ISNUMBER(C20),INDEX(Calc!$AL$4:$AL$54,MATCH(InvestmentsComparison!C20,Calc!$AF$4:$AF$54,0),1),"")
C21: =IF(ROW()=ROW($C$11)+1,1,IF(OR(LEN(D21)>0,AND(COUNTA(D20:$J$212)=0,COUNTA(D19:J19)>0)),MAX($C$11:C20)+1,"")) | E21: maintanace | G21: 900 | K21: =IF(ISNUMBER(C21),INDEX(Calc!$AK$4:$AK$54,MATCH(InvestmentsComparison!C21,Calc!$AF$4:$AF$54,0),1),"") | L21: =IF(ISNUMBER(C21),INDEX(Calc!$AL$4:$AL$54,MATCH(InvestmentsComparison!C21,Calc!$AF$4:$AF$54,0),1),"")
C22: =IF(ROW()=ROW($C$11)+1,1,IF(OR(LEN(D22)>0,AND(COUNTA(D21:$J$212)=0,COUNTA(D20:J20)>0)),MAX($C$11:C21)+1,"")) | K22: =IF(ISNUMBER(C22),INDEX(Calc!$AK$4:$AK$54,MATCH(InvestmentsComparison!C22,Calc!$AF$4:$AF$54,0),1),"") | L22: =IF(ISNUMBER(C22),INDEX(Calc!$AL$4:$AL$54,MATCH(InvestmentsComparison!C22,Calc!$AF$4:$AF$54,0),1),"")
C23: =IF(ROW()=ROW($C$11)+1,1,IF(OR(LEN(D23)>0,AND(COUNTA(D22:$J$212)=0,COUNTA(D21:J21)>0)),MAX($C$11:C22)+1,"")) | K23: =IF(ISNUMBER(C23),INDEX(Calc!$AK$4:$AK$54,MATCH(InvestmentsComparison!C23,Calc!$AF$4:$AF$54,0),1),"") | L23: =IF(ISNUMBER(C23),INDEX(Calc!$AL$4:$AL$54,MATCH(InvestmentsComparison!C23,Calc!$AF$4:$AF$54,0),1),"")
C24: =IF(ROW()=ROW($C$11)+1,1,IF(OR(LEN(D24)>0,AND(COUNTA(D23:$J$212)=0,COUNTA(D22:J22)>0)),MAX($C$11:C23)+1,"")) -> 3 | D24: Buy 1 big flat | E24: flat 90 sqm | F24: 330000 | H24: rent | J24: 42600 | K24: =IF(ISNUMBER(C24),INDEX(Calc!$AK$4:$AK$54,MATCH(InvestmentsComparison!C24,Calc!$AF$4:$AF$54,0),1),"") -> 42600 | L24: =IF(ISNUMBER(C24),INDEX(Calc!$AL$4:$AL$54,MATCH(InvestmentsComparison!C24,Calc!$AF$4:$AF$54,0),1),"") -> 5.9808612
C25: =IF(ROW()=ROW($C$11)+1,1,IF(OR(LEN(D25)>0,AND(COUNTA(D24:$J$212)=0,COUNTA(D23:J23)>0)),MAX($C$11:C24)+1,"")) | E25: renowation | F25: 120000 | H25: sell house | I25: 200000 | K25: =IF(ISNUMBER(C25),INDEX(Calc!$AK$4:$AK$54,MATCH(InvestmentsComparison!C25,Calc!$AF$4:$AF$54,0),1),"") | L25: =IF(ISNUMBER(C25),INDEX(Calc!$AL$4:$AL$54,MATCH(InvestmentsComparison!C25,Calc!$AF$4:$AF$54,0),1),"")
C26: =IF(ROW()=ROW($C$11)+1,1,IF(OR(LEN(D26)>0,AND(COUNTA(D25:$J$212)=0,COUNTA(D24:J24)>0)),MAX($C$11:C25)+1,"")) | E26: maintanace | G26: 800 | K26: =IF(ISNUMBER(C26),INDEX(Calc!$AK$4:$AK$54,MATCH(InvestmentsComparison!C26,Calc!$AF$4:$AF$54,0),1),"") | L26: =IF(ISNUMBER(C26),INDEX(Calc!$AL$4:$AL$54,MATCH(InvestmentsComparison!C26,Calc!$AF$4:$AF$54,0),1),"")
C27: =IF(ROW()=ROW($C$11)+1,1,IF(OR(LEN(D27)>0,AND(COUNTA(D26:$J$212)=0,COUNTA(D25:J25)>0)),MAX($C$11:C26)+1,"")) | K27: =IF(ISNUMBER(C27),INDEX(Calc!$AK$4:$AK$54,MATCH(InvestmentsComparison!C27,Calc!$AF$4:$AF$54,0),1),"") | L27: =IF(ISNUMBER(C27),INDEX(Calc!$AL$4:$AL$54,MATCH(InvestmentsComparison!C27,Calc!$AF$4:$AF$54,0),1),"")
C28: =IF(ROW()=ROW($C$11)+1,1,IF(OR(LEN(D28)>0,AND(COUNTA(D27:$J$212)=0,COUNTA(D26:J26)>0)),MAX($C$11:C27)+1,"")) | K28: =IF(ISNUMBER(C28),INDEX(Calc!$AK$4:$AK$54,MATCH(InvestmentsComparison!C28,Calc!$AF$4:$AF$54,0),1),"") | L28: =IF(ISNUMBER(C28),INDEX(Calc!$AL$4:$AL$54,MATCH(InvestmentsComparison!C28,Calc!$AF$4:$AF$54,0),1),"")
C29: =IF(ROW()=ROW($C$11)+1,1,IF(OR(LEN(D29)>0,AND(COUNTA(D28:$J$212)=0,COUNTA(D27:J27)>0)),MAX($C$11:C28)+1,"")) -> 4 | D29: Keep house | E29: renovation | F29: 180000 | H29: rent | J29: 50000 | K29: =IF(ISNUMBER(C29),INDEX(Calc!$AK$4:$AK$54,MATCH(InvestmentsComparison!C29,Calc!$AF$4:$AF$54,0),1),"") -> 159500 | L29: =IF(ISNUMBER(C29),INDEX(Calc!$AL$4:$AL$54,MATCH(InvestmentsComparison!C29,Calc!$AF$4:$AF$54,0),1),"") -> 3.7113402
C30: =IF(ROW()=ROW($C$11)+1,1,IF(OR(LEN(D30)>0,AND(COUNTA(D29:$J$212)=0,COUNTA(D28:J28)>0)),MAX($C$11:C29)+1,"")) | E30: maintanace | G30: 1500 | K30: =IF(ISNUMBER(C30),INDEX(Calc!$AK$4:$AK$54,MATCH(InvestmentsComparison!C30,Calc!$AF$4:$AF$54,0),1),"") | L30: =IF(ISNUMBER(C30),INDEX(Calc!$AL$4:$AL$54,MATCH(InvestmentsComparison!C30,Calc!$AF$4:$AF$54,0),1),"")
C31: =IF(ROW()=ROW($C$11)+1,1,IF(OR(LEN(D31)>0,AND(COUNTA(D30:$J$212)=0,COUNTA(D29:J29)>0)),MAX($C$11:C30)+1,"")) | K31: =IF(ISNUMBER(C31),INDEX(Calc!$AK$4:$AK$54,MATCH(InvestmentsComparison!C31,Calc!$AF$4:$AF$54,0),1),"") | L31: =IF(ISNUMBER(C31),INDEX(Calc!$AL$4:$AL$54,MATCH(InvestmentsComparison!C31,Calc!$AF$4:$AF$54,0),1),"")
C32: =MAX(C12:C31)+1 -> 5

Sheet Calc
B2: CBA Sheet | Y2: Comparison Sheet | AR2: ="Highest Cumulative Profit after " & AK4 & " Years - Top 5" -> Highest Cumulative Profit after 7 Years - Top 5
AS3: 1 | AT3: 2 | AU3: 3 | AV3: 4 | AW3: 5 | AX3: 6 | AY3: 7 | AZ3: 8 | BA3: 9 | BB3: 10 | BC3: 11 | BD3: 12 | BE3: 13 | BF3: 14 | BG3: 15 | BH3: 16 | BI3: 17 | BJ3: 18 | BK3: 19 | BL3: 20 | BM3: 21 | BN3: 22 | BO3: 23 | BP3: 24 | BQ3: 25 | BR3: 26 | BS3: 27 | BT3: 28 | BU3: 29 | BV3: 30
B4: Years | C4: Initial Year | D4: =CostBennefitAnalysis!F13 -> Year 1 | E4: =CostBennefitAnalysis!G13 -> Year 2 | F4: =CostBennefitAnalysis!H13 -> Year 3 | G4: =CostBennefitAnalysis!I13 -> Year 4 | H4: =CostBennefitAnalysis!J13 -> Year 5 | I4: =CostBennefitAnalysis!K13 -> Year 6 | J4: =CostBennefitAnalysis!L13 -> Year 7 | K4: =CostBennefitAnalysis!M13 -> Year 8 | ... W4: =CostBennefitAnalysis!Y13 -> Year 20 | Y4: Investment Year | AA4: =INDEX(InvestmentsComparison!F$11:F$212,ROW()-ROW(Calc!AA$4)+1,1) -> Initial Cost (Single Time) | AB4: =INDEX(InvestmentsComparison!I$11:I$212,ROW()-ROW(Calc!AB$4)+1,1) -> Initial Income (Single Time) | AC4: =INDEX(InvestmentsComparison!G$11:G$212,ROW()-ROW(Calc!AC$4)+1,1) -> Cost (Yearly) | AD4: =INDEX(InvestmentsComparison!J$11:J$212,ROW()-ROW(Calc!AD$4)+1,1) -> Income (Yearly) | AF4: Option # | AG4: Start | AH4: Rows | AI4: Initial | AJ4: Yearly change | AK4: =MATCH(InvestmentsComparison!C7,Investment_Year,0)-1 -> 7 | AL4: ROI | AM4: Rank | AO4: # | AP4: Step | AR4: Initial | AS4: Year 1 | AT4: Year 2 | AU4: Year 3 | AV4: Year 4 | AW4: Year 5 | AX4: Year 6 | AY4: Year 7 | AZ4: Year 8 | BA4: Year 9 | BB4: Year 10 | BC4: Year 11 | BD4: Year 12 | BE4: Year 13 | BF4: Year 14 | BG4: Year 15 | BH4: Year 16 | BI4: Year 17 | BJ4: Year 18 | BK4: Year 19 | BL4: Year 20 | BM4: Year 21 | BN4: Year 22 | BO4: Year 23 | BP4: Year 24 | BQ4: Year 25 | BR4: Year 26 | BS4: Year 27 | BT4: Year 28 | BU4: Year 29 | BV4: Year 30
B5: Costs | C5: =-1*CostBennefitAnalysis!E48 -> -120000.07 | D5: =-1*CostBennefitAnalysis!F48 -> -2130 | E5: =-1*CostBennefitAnalysis!G48 -> -2143.7 | F5: =-1*CostBennefitAnalysis!H48 -> -2157.763 | G5: =-1*CostBennefitAnalysis!I48 -> -2172.2003 | H5: =-1*CostBennefitAnalysis!J48 -> -2187.0235 | I5: =-1*CostBennefitAnalysis!K48 -> -2202.2447 | J5: =-1*CostBennefitAnalysis!L48 -> -2217.8763 | ... W5: =-1*CostBennefitAnalysis!Y48 -> -2464.9906 | Y5: Year 1 | AA5: =-INDEX(InvestmentsComparison!F$11:F$31,ROW()-ROW(Calc!AA$4)+1,1) -> -80000 | AB5: =INDEX(InvestmentsComparison!I$11:I$31,ROW()-ROW(Calc!AB$4)+1,1) -> 0 | AC5: =-INDEX(InvestmentsComparison!G$11:G$31,ROW()-ROW(Calc!AC$4)+1,1) -> 0 | AD5: =INDEX(InvestmentsComparison!J$11:J$31,ROW()-ROW(Calc!AD$4)+1,1) -> 14400 | AF5: 1 | AG5: =IF(ISNUMBER(AH5),MATCH(AF5,InvestmentsComparison!$C$11:$C$31,0)-1,"") -> 1 | AH5: =IFERROR(MATCH(AF5+1,InvestmentsComparison!$C$11:$C$32,0)-MATCH(AF5,InvestmentsComparison!$C$11:$C$32,0),"") -> 6 | AI5: =IF(ISNUMBER(AG5),SUM(OFFSET(AA$4,AG5,0,AH5,2)),"") -> -118000 | AJ5: =IF(ISNUMBER(AG5),SUM(OFFSET(AC$4,AG5,0,AH5,2)),"") -> 42000 | AK5: =IFERROR(AI5+$AK$4*AJ5,"") -> 176000 | AL5: =IFERROR(-AI5/AJ5,"") -> 2.8095238 | AM5: =IFERROR(RANK(AK5,$AK$5:$AK$54,0)+AF5/100,"") -> 1.01 | AO5: {=IF(ISNUMBER(AM5),MATCH(SMALL($AM$5:$AM$24,AF5),$AM$5:$AM$24,0),"")} -> 1 | AP5: =IFERROR(INDEX(AJ$5:AJ$24,$AO5,1),"") -> 42000 | AQ5: =IFERROR(IF(ISNUMBER(AO5),INDEX(InvestmentsComparison!$D$11:$D$212,MATCH(AO5,InvestmentsComparison!$C$11:$C$212,0),1),""),"") -> Buy 3 small flats | AR5: =IFERROR(INDEX(AI$5:AI$24,$AO5,1),"") -> -118000 | AS5: =IFERROR($AR5+AS$3*$AP5,"") -> -76000 | AT5: =IFERROR($AR5+AT$3*$AP5,"") -> -34000 | AU5: =IFERROR($AR5+AU$3*$AP5,"") -> 8000 | AV5: =IFERROR($AR5+AV$3*$AP5,"") -> 50000 | AW5: =IFERROR($AR5+AW$3*$AP5,"") -> 92000 | AX5: =IFERROR($AR5+AX$3*$AP5,"") -> 134000 | AY5: =IFERROR($AR5+AY$3*$AP5,"") -> 176000 | AZ5: =IFERROR($AR5+AZ$3*$AP5,"") -> 218000 | ... BV5: =IFERROR($AR5+BV$3*$AP5,"") -> 1142000
B6: Benefits | C6: =CostBennefitAnalysis!E85 -> 15000.05 | D6: =CostBennefitAnalysis!F85 -> 27000 | E6: =CostBennefitAnalysis!G85 -> 42720 | F6: =CostBennefitAnalysis!H85 -> 28465.2 | G6: =CostBennefitAnalysis!I85 -> 44236.572 | H6: =CostBennefitAnalysis!J85 -> 30035.127 | I6: =CostBennefitAnalysis!K85 -> 30861.914 | J6: =CostBennefitAnalysis!L85 -> 31718.027 | ... W6: =CostBennefitAnalysis!Y85 -> 46100.045 | Y6: Year 2 | AA6: =-INDEX(InvestmentsComparison!F$11:F$31,ROW()-ROW(Calc!AA$4)+1,1) -> -85000 | AB6: =INDEX(InvestmentsComparison!I$11:I$31,ROW()-ROW(Calc!AB$4)+1,1) -> 0 | AC6: =-INDEX(InvestmentsComparison!G$11:G$31,ROW()-ROW(Calc!AC$4)+1,1) -> 0 | AD6: =INDEX(InvestmentsComparison!J$11:J$31,ROW()-ROW(Calc!AD$4)+1,1) -> 15000 | AF6: 2 | AG6: =IF(ISNUMBER(AH6),MATCH(AF6,InvestmentsComparison!$C$11:$C$31,0)-1,"") -> 7 | AH6: =IFERROR(MATCH(AF6+1,InvestmentsComparison!$C$11:$C$32,0)-MATCH(AF6,InvestmentsComparison!$C$11:$C$32,0),"") -> 6 | AI6: =IF(ISNUMBER(AG6),SUM(OFFSET(AA$4,AG6,0,AH6,2)),"") -> -260000 | AJ6: =IF(ISNUMBER(AG6),SUM(OFFSET(AC$4,AG6,0,AH6,2)),"") -> 61500 | AK6: =IFERROR(AI6+$AK$4*AJ6,"") -> 170500 | AL6: =IFERROR(-AI6/AJ6,"") -> 4.2276423 | AM6: =IFERROR(RANK(AK6,$AK$5:$AK$54,0)+AF6/100,"") -> 2.02 | AO6: {=IF(ISNUMBER(AM6),MATCH(SMALL($AM$5:$AM$24,AF6),$AM$5:$AM$24,0),"")} -> 2 | AP6: =IFERROR(INDEX(AJ$5:AJ$24,$AO6,1),"") -> 61500 | AQ6: =IFERROR(IF(ISNUMBER(AO6),INDEX(InvestmentsComparison!$D$11:$D$212,MATCH(AO6,InvestmentsComparison!$C$11:$C$212,0),1),""),"") -> Buy 2 mediıum flats | AR6: =IFERROR(INDEX(AI$5:AI$24,$AO6,1),"") -> -260000 | AS6: =IFERROR($AR6+AS$3*$AP6,"") -> -198500 | AT6: =IFERROR($AR6+AT$3*$AP6,"") -> -137000 | AU6: =IFERROR($AR6+AU$3*$AP6,"") -> -75500 | AV6: =IFERROR($AR6+AV$3*$AP6,"") -> -14000 | AW6: =IFERROR($AR6+AW$3*$AP6,"") -> 47500 | AX6: =IFERROR($AR6+AX$3*$AP6,"") -> 109000 | AY6: =IFERROR($AR6+AY$3*$AP6,"") -> 170500 | AZ6: =IFERROR($AR6+AZ$3*$AP6,"") -> 232000 | ... BV6: =IFERROR($AR6+BV$3*$AP6,"") -> 1585000
B7: Yearly Profit | C7: =CostBennefitAnalysis!E87 -> -105000.02 | D7: =CostBennefitAnalysis!F87 -> 24870 | E7: =CostBennefitAnalysis!G87 -> 40576.3 | F7: =CostBennefitAnalysis!H87 -> 26307.437 | G7: =CostBennefitAnalysis!I87 -> 42064.372 | H7: =CostBennefitAnalysis!J87 -> 27848.103 | I7: =CostBennefitAnalysis!K87 -> 28659.669 | J7: =CostBennefitAnalysis!L87 -> 29500.151 | ... W7: =CostBennefitAnalysis!Y87 -> 43635.054 | Y7: Year 3 | AA7: =-INDEX(InvestmentsComparison!F$11:F$31,ROW()-ROW(Calc!AA$4)+1,1) -> -78000 | AB7: =INDEX(InvestmentsComparison!I$11:I$31,ROW()-ROW(Calc!AB$4)+1,1) -> 0 | AC7: =-INDEX(InvestmentsComparison!G$11:G$31,ROW()-ROW(Calc!AC$4)+1,1) -> 0 | AD7: =INDEX(InvestmentsComparison!J$11:J$31,ROW()-ROW(Calc!AD$4)+1,1) -> 13800 | AF7: 3 | AG7: =IF(ISNUMBER(AH7),MATCH(AF7,InvestmentsComparison!$C$11:$C$31,0)-1,"") -> 13 | AH7: =IFERROR(MATCH(AF7+1,InvestmentsComparison!$C$11:$C$32,0)-MATCH(AF7,InvestmentsComparison!$C$11:$C$32,0),"") -> 5 | AI7: =IF(ISNUMBER(AG7),SUM(OFFSET(AA$4,AG7,0,AH7,2)),"") -> -250000 | AJ7: =IF(ISNUMBER(AG7),SUM(OFFSET(AC$4,AG7,0,AH7,2)),"") -> 41800 | AK7: =IFERROR(AI7+$AK$4*AJ7,"") -> 42600 | AL7: =IFERROR(-AI7/AJ7,"") -> 5.9808612 | AM7: =IFERROR(RANK(AK7,$AK$5:$AK$54,0)+AF7/100,"") -> 4.03 | AO7: {=IF(ISNUMBER(AM7),MATCH(SMALL($AM$5:$AM$24,AF7),$AM$5:$AM$24,0),"")} -> 4 | AP7: =IFERROR(INDEX(AJ$5:AJ$24,$AO7,1),"") -> 48500 | AQ7: =IFERROR(IF(ISNUMBER(AO7),INDEX(InvestmentsComparison!$D$11:$D$212,MATCH(AO7,InvestmentsComparison!$C$11:$C$212,0),1),""),"") -> Keep house | AR7: =IFERROR(INDEX(AI$5:AI$24,$AO7,1),"") -> -180000 | AS7: =IFERROR($AR7+AS$3*$AP7,"") -> -131500 | AT7: =IFERROR($AR7+AT$3*$AP7,"") -> -83000 | AU7: =IFERROR($AR7+AU$3*$AP7,"") -> -34500 | AV7: =IFERROR($AR7+AV$3*$AP7,"") -> 14000 | AW7: =IFERROR($AR7+AW$3*$AP7,"") -> 62500 | AX7: =IFERROR($AR7+AX$3*$AP7,"") -> 111000 | AY7: =IFERROR($AR7+AY$3*$AP7,"") -> 159500 | AZ7: =IFERROR($AR7+AZ$3*$AP7,"") -> 208000 | ... BV7: =IFERROR($AR7+BV$3*$AP7,"") -> 1275000
B8: Final Balance | C8: =C7 -> -105000.02 | D8: =C8+D7 -> -80130.02 | E8: =D8+E7 -> -39553.72 | F8: =E8+F7 -> -13246.283 | G8: =F8+G7 -> 28818.089 | H8: =G8+H7 -> 56666.192 | I8: =H8+I7 -> 85325.861 | J8: =I8+J7 -> 114826.01 | K8: =J8+K7 -> 145196.68 | ... W8: =V8+W7 -> 590221.13 | Y8: Year 4 | AA8: =-INDEX(InvestmentsComparison!F$11:F$31,ROW()-ROW(Calc!AA$4)+1,1) -> -75000 | AB8: =INDEX(InvestmentsComparison!I$11:I$31,ROW()-ROW(Calc!AB$4)+1,1) -> 200000 | AC8: =-INDEX(InvestmentsComparison!G$11:G$31,ROW()-ROW(Calc!AC$4)+1,1) -> 0 | AD8: =INDEX(InvestmentsComparison!J$11:J$31,ROW()-ROW(Calc!AD$4)+1,1) -> 0 | AF8: 4 | AG8: =IF(ISNUMBER(AH8),MATCH(AF8,InvestmentsComparison!$C$11:$C$31,0)-1,"") -> 18 | AH8: =IFERROR(MATCH(AF8+1,InvestmentsComparison!$C$11:$C$32,0)-MATCH(AF8,InvestmentsComparison!$C$11:$C$32,0),"") -> 3 | AI8: =IF(ISNUMBER(AG8),SUM(OFFSET(AA$4,AG8,0,AH8,2)),"") -> -180000 | AJ8: =IF(ISNUMBER(AG8),SUM(OFFSET(AC$4,AG8,0,AH8,2)),"") -> 48500 | AK8: =IFERROR(AI8+$AK$4*AJ8,"") -> 159500 | AL8: =IFERROR(-AI8/AJ8,"") -> 3.7113402 | AM8: =IFERROR(RANK(AK8,$AK$5:$AK$54,0)+AF8/100,"") -> 3.04 | AO8: {=IF(ISNUMBER(AM8),MATCH(SMALL($AM$5:$AM$24,AF8),$AM$5:$AM$24,0),"")} -> 3 | AP8: =IFERROR(INDEX(AJ$5:AJ$24,$AO8,1),"") -> 41800 | AQ8: =IFERROR(IF(ISNUMBER(AO8),INDEX(InvestmentsComparison!$D$11:$D$212,MATCH(AO8,InvestmentsComparison!$C$11:$C$212,0),1),""),"") -> Buy 1 big flat | AR8: =IFERROR(INDEX(AI$5:AI$24,$AO8,1),"") -> -250000 | AS8: =IFERROR($AR8+AS$3*$AP8,"") -> -208200 | AT8: =IFERROR($AR8+AT$3*$AP8,"") -> -166400 | AU8: =IFERROR($AR8+AU$3*$AP8,"") -> -124600 | AV8: =IFERROR($AR8+AV$3*$AP8,"") -> -82800 | AW8: =IFERROR($AR8+AW$3*$AP8,"") -> -41000 | AX8: =IFERROR($AR8+AX$3*$AP8,"") -> 800 | AY8: =IFERROR($AR8+AY$3*$AP8,"") -> 42600 | AZ8: =IFERROR($AR8+AZ$3*$AP8,"") -> 84400 | ... BV8: =IFERROR($AR8+BV$3*$AP8,"") -> 1004000
B9: Label | C9: =MIN(C5:C8) -> -120000.07 | D9: =C9 -> -120000.07 | E9: =D9 -> -120000.07 | F9: =E9 -> -120000.07 | G9: =F9 -> -120000.07 | H9: =G9 -> -120000.07 | I9: =H9 -> -120000.07 | J9: =I9 -> -120000.07 | K9: =J9 -> -120000.07 | ... W9: =V9 -> -120000.07 | Y9: Year 5 | AA9: =-INDEX(InvestmentsComparison!F$11:F$31,ROW()-ROW(Calc!AA$4)+1,1) -> 0 | AB9: =INDEX(InvestmentsComparison!I$11:I$31,ROW()-ROW(Calc!AB$4)+1,1) -> 0 | AC9: =-INDEX(InvestmentsComparison!G$11:G$31,ROW()-ROW(Calc!AC$4)+1,1) -> -1200 | AD9: =INDEX(InvestmentsComparison!J$11:J$31,ROW()-ROW(Calc!AD$4)+1,1) -> 0 | AF9: 5 | AG9: =IF(ISNUMBER(AH9),MATCH(AF9,InvestmentsComparison!$C$11:$C$31,0)-1,"") | AH9: =IFERROR(MATCH(AF9+1,InvestmentsComparison!$C$11:$C$32,0)-MATCH(AF9,InvestmentsComparison!$C$11:$C$32,0),"") | AI9: =IF(ISNUMBER(AG9),SUM(OFFSET(AA$4,AG9,0,AH9,2)),"") | AJ9: =IF(ISNUMBER(AG9),SUM(OFFSET(AC$4,AG9,0,AH9,2)),"") | AK9: =IFERROR(AI9+$AK$4*AJ9,"") | AL9: =IFERROR(-AI9/AJ9,"") | AM9: =IFERROR(RANK(AK9,$AK$5:$AK$54,0)+AF9/100,"") | AO9: {=IF(ISNUMBER(AM9),MATCH(SMALL($AM$5:$AM$24,AF9),$AM$5:$AM$24,0),"")} | AP9: =IFERROR(INDEX(AJ$5:AJ$24,$AO9,1),"") | AQ9: =IFERROR(IF(ISNUMBER(AO9),INDEX(InvestmentsComparison!$D$11:$D$212,MATCH(AO9,InvestmentsComparison!$C$11:$C$212,0),1),""),"") | AR9: =IFERROR(INDEX(AI$5:AI$24,$AO9,1),"") | AS9: =IFERROR($AR9+AS$3*$AP9,"") | AT9: =IFERROR($AR9+AT$3*$AP9,"") | AU9: =IFERROR($AR9+AU$3*$AP9,"") | AV9: =IFERROR($AR9+AV$3*$AP9,"") | AW9: =IFERROR($AR9+AW$3*$AP9,"") | AX9: =IFERROR($AR9+AX$3*$AP9,"") | AY9: =IFERROR($AR9+AY$3*$AP9,"") | AZ9: =IFERROR($AR9+AZ$3*$AP9,"") | ... BV9: =IFERROR($AR9+BV$3*$AP9,"")
Y10: Year 6 | AA10: =-INDEX(InvestmentsComparison!F$11:F$31,ROW()-ROW(Calc!AA$4)+1,1) -> 0 | AB10: =INDEX(InvestmentsComparison!I$11:I$31,ROW()-ROW(Calc!AB$4)+1,1) -> 0 | AC10: =-INDEX(InvestmentsComparison!G$11:G$31,ROW()-ROW(Calc!AC$4)+1,1) -> 0 | AD10: =INDEX(InvestmentsComparison!J$11:J$31,ROW()-ROW(Calc!AD$4)+1,1) -> 0 | AF10: 6 | AG10: =IF(ISNUMBER(AH10),MATCH(AF10,InvestmentsComparison!$C$11:$C$31,0)-1,"") | AH10: =IFERROR(MATCH(AF10+1,InvestmentsComparison!$C$11:$C$32,0)-MATCH(AF10,InvestmentsComparison!$C$11:$C$32,0),"") | AI10: =IF(ISNUMBER(AG10),SUM(OFFSET(AA$4,AG10,0,AH10,2)),"") | AJ10: =IF(ISNUMBER(AG10),SUM(OFFSET(AC$4,AG10,0,AH10,2)),"") | AK10: =IFERROR(AI10+$AK$4*AJ10,"") | AL10: =IFERROR(-AI10/AJ10,"") | AM10: =IFERROR(RANK(AK10,$AK$5:$AK$54,1)+AF10/100,"") | AN10: {=IF(ISNUMBER(AM10),MATCH(SMALL($AM$5:$AM$54,AF10),$AM$5:$AM$54,0),"")} | AQ10: Label | AR10: =MIN(AR5:AR9) -> -260000 | AS10: =AR10 -> -260000 | AT10: =AS10 -> -260000 | AU10: =AT10 -> -260000 | AV10: =AU10 -> -260000 | AW10: =AV10 -> -260000 | AX10: =AW10 -> -260000 | AY10: =AX10 -> -260000 | AZ10: =AY10 -> -260000 | ... BV10: =BU10 -> -260000
B11: ROI in: | C11: {=IFERROR(INDEX(C4:W4,1,SMALL(IF(C8:W8>0,COLUMN(C4:W4)-COLUMN($B$4),""),1)),"")} -> Year 4 | Y11: Year 7 | AA11: =-INDEX(InvestmentsComparison!F$11:F$31,ROW()-ROW(Calc!AA$4)+1,1) -> -180000 | AB11: =INDEX(InvestmentsComparison!I$11:I$31,ROW()-ROW(Calc!AB$4)+1,1) -> 0 | AC11: =-INDEX(InvestmentsComparison!G$11:G$31,ROW()-ROW(Calc!AC$4)+1,1) -> 0 | AD11: =INDEX(InvestmentsComparison!J$11:J$31,ROW()-ROW(Calc!AD$4)+1,1) -> 30600 | AF11: 7 | AG11: =IF(ISNUMBER(AH11),MATCH(AF11,InvestmentsComparison!$C$11:$C$31,0)-1,"") | AH11: =IFERROR(MATCH(AF11+1,InvestmentsComparison!$C$11:$C$32,0)-MATCH(AF11,InvestmentsComparison!$C$11:$C$32,0),"") | AI11: =IF(ISNUMBER(AG11),SUM(OFFSET(AA$4,AG11,0,AH11,2)),"") | AJ11: =IF(ISNUMBER(AG11),SUM(OFFSET(AC$4,AG11,0,AH11,2)),"") | AK11: =IFERROR(AI11+$AK$4*AJ11,"") | AL11: =IFERROR(-AI11/AJ11,"") | AM11: =IFERROR(RANK(AK11,$AK$5:$AK$54,1)+AF11/100,"") | AN11: {=IF(ISNUMBER(AM11),MATCH(SMALL($AM$5:$AM$54,AF11),$AM$5:$AM$54,0),"")}
Y12: Year 8 | AA12: =-INDEX(InvestmentsComparison!F$11:F$31,ROW()-ROW(Calc!AA$4)+1,1) -> -190000 | AB12: =INDEX(InvestmentsComparison!I$11:I$31,ROW()-ROW(Calc!AB$4)+1,1) -> 0 | AC12: =-INDEX(InvestmentsComparison!G$11:G$31,ROW()-ROW(Calc!AC$4)+1,1) -> 0 | AD12: =INDEX(InvestmentsComparison!J$11:J$31,ROW()-ROW(Calc!AD$4)+1,1) -> 31800 | AF12: 8 | AG12: =IF(ISNUMBER(AH12),MATCH(AF12,InvestmentsComparison!$C$11:$C$31,0)-1,"") | AH12: =IFERROR(MATCH(AF12+1,InvestmentsComparison!$C$11:$C$32,0)-MATCH(AF12,InvestmentsComparison!$C$11:$C$32,0),"") | AI12: =IF(ISNUMBER(AG12),SUM(OFFSET(AA$4,AG12,0,AH12,2)),"") | AJ12: =IF(ISNUMBER(AG12),SUM(OFFSET(AC$4,AG12,0,AH12,2)),"") | AK12: =IFERROR(AI12+$AK$4*AJ12,"") | AL12: =IFERROR(-AI12/AJ12,"") | AM12: =IFERROR(RANK(AK12,$AK$5:$AK$54,1)+AF12/100,"") | AN12: {=IF(ISNUMBER(AM12),MATCH(SMALL($AM$5:$AM$54,AF12),$AM$5:$AM$54,0),"")} | AQ12: Name | AR12: ROI
B13: Initial | C13: =MATCH(CostBennefitAnalysis!Z9,Calc!B13:B33,0) -> 7 | Y13: Year 9 | AA13: =-INDEX(InvestmentsComparison!F$11:F$31,ROW()-ROW(Calc!AA$4)+1,1) -> -90000 | AB13: =INDEX(InvestmentsComparison!I$11:I$31,ROW()-ROW(Calc!AB$4)+1,1) -> 200000 | AC13: =-INDEX(InvestmentsComparison!G$11:G$31,ROW()-ROW(Calc!AC$4)+1,1) -> 0 | AD13: =INDEX(InvestmentsComparison!J$11:J$31,ROW()-ROW(Calc!AD$4)+1,1) -> 0 | AF13: 9 | AG13: =IF(ISNUMBER(AH13),MATCH(AF13,InvestmentsComparison!$C$11:$C$31,0)-1,"") | AH13: =IFERROR(MATCH(AF13+1,InvestmentsComparison!$C$11:$C$32,0)-MATCH(AF13,InvestmentsComparison!$C$11:$C$32,0),"") | AI13: =IF(ISNUMBER(AG13),SUM(OFFSET(AA$4,AG13,0,AH13,2)),"") | AJ13: =IF(ISNUMBER(AG13),SUM(OFFSET(AC$4,AG13,0,AH13,2)),"") | AK13: =IFERROR(AI13+$AK$4*AJ13,"") | AL13: =IFERROR(-AI13/AJ13,"") | AM13: =IFERROR(RANK(AK13,$AK$5:$AK$54,1)+AF13/100,"") | AN13: {=IF(ISNUMBER(AM13),MATCH(SMALL($AM$5:$AM$54,AF13),$AM$5:$AM$54,0),"")} | AO13: 1 | AP13: =IFERROR(MATCH(SMALL($AL$5:$AL$54,AO13),$AL$5:$AL$54,0),"") -> 1 | AQ13: =IFERROR(IF(AP13<>"",INDEX(InvestmentsComparison!$D$11:$D$212,MATCH(AP13,InvestmentsComparison!$C$11:$C$212,0),1),""),"") -> Buy 3 small flats | AR13: =IF(ISNUMBER(AP13),INDEX($AL$5:$AL$54,AP13,1),"") -> 2.8095238
B14: 1 Year | Y14: Year 10 | AA14: =-INDEX(InvestmentsComparison!F$11:F$31,ROW()-ROW(Calc!AA$4)+1,1) -> 0 | AB14: =INDEX(InvestmentsComparison!I$11:I$31,ROW()-ROW(Calc!AB$4)+1,1) -> 0 | AC14: =-INDEX(InvestmentsComparison!G$11:G$31,ROW()-ROW(Calc!AC$4)+1,1) -> -900 | AD14: =INDEX(InvestmentsComparison!J$11:J$31,ROW()-ROW(Calc!AD$4)+1,1) -> 0 | AF14: 10 | AG14: =IF(ISNUMBER(AH14),MATCH(AF14,InvestmentsComparison!$C$11:$C$31,0)-1,"") | AH14: =IFERROR(MATCH(AF14+1,InvestmentsComparison!$C$11:$C$32,0)-MATCH(AF14,InvestmentsComparison!$C$11:$C$32,0),"") | AI14: =IF(ISNUMBER(AG14),SUM(OFFSET(AA$4,AG14,0,AH14,2)),"") | AJ14: =IF(ISNUMBER(AG14),SUM(OFFSET(AC$4,AG14,0,AH14,2)),"") | AK14: =IFERROR(AI14+$AK$4*AJ14,"") | AL14: =IFERROR(-AI14/AJ14,"") | AM14: =IFERROR(RANK(AK14,$AK$5:$AK$54,1)+AF14/100,"") | AN14: {=IF(ISNUMBER(AM14),MATCH(SMALL($AM$5:$AM$54,AF14),$AM$5:$AM$54,0),"")} | AO14: 2 | AP14: =IFERROR(MATCH(SMALL($AL$5:$AL$54,AO14),$AL$5:$AL$54,0),"") -> 4 | AQ14: =IFERROR(IF(AP14<>"",INDEX(InvestmentsComparison!$D$11:$D$212,MATCH(AP14,InvestmentsComparison!$C$11:$C$212,0),1),""),"") -> Keep house | AR14: =IF(ISNUMBER(AP14),INDEX($AL$5:$AL$54,AP14,1),"") -> 3.7113402
B15: 2 Years | Y15: Year 11 | AA15: =-INDEX(InvestmentsComparison!F$11:F$31,ROW()-ROW(Calc!AA$4)+1,1) -> 0 | AB15: =INDEX(InvestmentsComparison!I$11:I$31,ROW()-ROW(Calc!AB$4)+1,1) -> 0 | AC15: =-INDEX(InvestmentsComparison!G$11:G$31,ROW()-ROW(Calc!AC$4)+1,1) -> 0 | AD15: =INDEX(InvestmentsComparison!J$11:J$31,ROW()-ROW(Calc!AD$4)+1,1) -> 0 | AF15: 11 | AG15: =IF(ISNUMBER(AH15),MATCH(AF15,InvestmentsComparison!$C$11:$C$31,0)-1,"") | AH15: =IFERROR(MATCH(AF15+1,InvestmentsComparison!$C$11:$C$32,0)-MATCH(AF15,InvestmentsComparison!$C$11:$C$32,0),"") | AI15: =IF(ISNUMBER(AG15),SUM(OFFSET(AA$4,AG15,0,AH15,2)),"") | AJ15: =IF(ISNUMBER(AG15),SUM(OFFSET(AC$4,AG15,0,AH15,2)),"") | AK15: =IFERROR(AI15+$AK$4*AJ15,"") | AL15: =IFERROR(-AI15/AJ15,"") | AM15: =IFERROR(RANK(AK15,$AK$5:$AK$54,1)+AF15/100,"") | AO15: 3 | AP15: =IFERROR(MATCH(SMALL($AL$5:$AL$54,AO15),$AL$5:$AL$54,0),"") -> 2 | AQ15: =IFERROR(IF(AP15<>"",INDEX(InvestmentsComparison!$D$11:$D$212,MATCH(AP15,InvestmentsComparison!$C$11:$C$212,0),1),""),"") -> Buy 2 mediıum flats | AR15: =IF(ISNUMBER(AP15),INDEX($AL$5:$AL$54,AP15,1),"") -> 4.2276423
B16: 3 Years | Y16: Year 12 | AA16: =-INDEX(InvestmentsComparison!F$11:F$31,ROW()-ROW(Calc!AA$4)+1,1) -> 0 | AB16: =INDEX(InvestmentsComparison!I$11:I$31,ROW()-ROW(Calc!AB$4)+1,1) -> 0 | AC16: =-INDEX(InvestmentsComparison!G$11:G$31,ROW()-ROW(Calc!AC$4)+1,1) -> 0 | AD16: =INDEX(InvestmentsComparison!J$11:J$31,ROW()-ROW(Calc!AD$4)+1,1) -> 0 | AF16: 12 | AG16: =IF(ISNUMBER(AH16),MATCH(AF16,InvestmentsComparison!$C$11:$C$31,0)-1,"") | AH16: =IFERROR(MATCH(AF16+1,InvestmentsComparison!$C$11:$C$32,0)-MATCH(AF16,InvestmentsComparison!$C$11:$C$32,0),"") | AI16: =IF(ISNUMBER(AG16),SUM(OFFSET(AA$4,AG16,0,AH16,2)),"") | AJ16: =IF(ISNUMBER(AG16),SUM(OFFSET(AC$4,AG16,0,AH16,2)),"") | AK16: =IFERROR(AI16+$AK$4*AJ16,"") | AL16: =IFERROR(-AI16/AJ16,"") | AM16: =IFERROR(RANK(AK16,$AK$5:$AK$54,1)+AF16/100,"") | AO16: 4 | AP16: =IFERROR(MATCH(SMALL($AL$5:$AL$54,AO16),$AL$5:$AL$54,0),"") -> 3 | AQ16: =IFERROR(IF(AP16<>"",INDEX(InvestmentsComparison!$D$11:$D$212,MATCH(AP16,InvestmentsComparison!$C$11:$C$212,0),1),""),"") -> Buy 1 big flat | AR16: =IF(ISNUMBER(AP16),INDEX($AL$5:$AL$54,AP16,1),"") -> 5.9808612
B17: 4 Years | Y17: Year 13 | AA17: =-INDEX(InvestmentsComparison!F$11:F$31,ROW()-ROW(Calc!AA$4)+1,1) -> -330000 | AB17: =INDEX(InvestmentsComparison!I$11:I$31,ROW()-ROW(Calc!AB$4)+1,1) -> 0 | AC17: =-INDEX(InvestmentsComparison!G$11:G$31,ROW()-ROW(Calc!AC$4)+1,1) -> 0 | AD17: =INDEX(InvestmentsComparison!J$11:J$31,ROW()-ROW(Calc!AD$4)+1,1) -> 42600 | AF17: 13 | AG17: =IF(ISNUMBER(AH17),MATCH(AF17,InvestmentsComparison!$C$11:$C$31,0)-1,"") | AH17: =IFERROR(MATCH(AF17+1,InvestmentsComparison!$C$11:$C$32,0)-MATCH(AF17,InvestmentsComparison!$C$11:$C$32,0),"") | AI17: =IF(ISNUMBER(AG17),SUM(OFFSET(AA$4,AG17,0,AH17,2)),"") | AJ17: =IF(ISNUMBER(AG17),SUM(OFFSET(AC$4,AG17,0,AH17,2)),"") | AK17: =IFERROR(AI17+$AK$4*AJ17,"") | AL17: =IFERROR(-AI17/AJ17,"") | AM17: =IFERROR(RANK(AK17,$AK$5:$AK$54,1)+AF17/100,"") | AO17: 5 | AP17: =IFERROR(MATCH(SMALL($AL$5:$AL$54,AO17),$AL$5:$AL$54,0),"") | AQ17: =IFERROR(IF(AP17<>"",INDEX(InvestmentsComparison!$D$11:$D$212,MATCH(AP17,InvestmentsComparison!$C$11:$C$212,0),1),""),"") | AR17: =IF(ISNUMBER(AP17),INDEX($AL$5:$AL$54,AP17,1),"")
B18: 5 Years | Y18: Year 14 | AA18: =-INDEX(InvestmentsComparison!F$11:F$31,ROW()-ROW(Calc!AA$4)+1,1) -> -120000 | AB18: =INDEX(InvestmentsComparison!I$11:I$31,ROW()-ROW(Calc!AB$4)+1,1) -> 200000 | AC18: =-INDEX(InvestmentsComparison!G$11:G$31,ROW()-ROW(Calc!AC$4)+1,1) -> 0 | AD18: =INDEX(InvestmentsComparison!J$11:J$31,ROW()-ROW(Calc!AD$4)+1,1) -> 0 | AF18: 14 | AG18: =IF(ISNUMBER(AH18),MATCH(AF18,InvestmentsComparison!$C$11:$C$31,0)-1,"") | AH18: =IFERROR(MATCH(AF18+1,InvestmentsComparison!$C$11:$C$32,0)-MATCH(AF18,InvestmentsComparison!$C$11:$C$32,0),"") | AI18: =IF(ISNUMBER(AG18),SUM(OFFSET(AA$4,AG18,0,AH18,2)),"") | AJ18: =IF(ISNUMBER(AG18),SUM(OFFSET(AC$4,AG18,0,AH18,2)),"") | AK18: =IFERROR(AI18+$AK$4*AJ18,"") | AL18: =IFERROR(-AI18/AJ18,"") | AM18: =IFERROR(RANK(AK18,$AK$5:$AK$54,1)+AF18/100,"")
B19: 6 Years | Y19: Year 15 | AA19: =-INDEX(InvestmentsComparison!F$11:F$31,ROW()-ROW(Calc!AA$4)+1,1) -> 0 | AB19: =INDEX(InvestmentsComparison!I$11:I$31,ROW()-ROW(Calc!AB$4)+1,1) -> 0 | AC19: =-INDEX(InvestmentsComparison!G$11:G$31,ROW()-ROW(Calc!AC$4)+1,1) -> -800 | AD19: =INDEX(InvestmentsComparison!J$11:J$31,ROW()-ROW(Calc!AD$4)+1,1) -> 0 | AF19: 15 | AG19: =IF(ISNUMBER(AH19),MATCH(AF19,InvestmentsComparison!$C$11:$C$31,0)-1,"") | AH19: =IFERROR(MATCH(AF19+1,InvestmentsComparison!$C$11:$C$32,0)-MATCH(AF19,InvestmentsComparison!$C$11:$C$32,0),"") | AI19: =IF(ISNUMBER(AG19),SUM(OFFSET(AA$4,AG19,0,AH19,2)),"") | AJ19: =IF(ISNUMBER(AG19),SUM(OFFSET(AC$4,AG19,0,AH19,2)),"") | AK19: =IFERROR(AI19+$AK$4*AJ19,"") | AL19: =IFERROR(-AI19/AJ19,"") | AM19: =IFERROR(RANK(AK19,$AK$5:$AK$54,1)+AF19/100,"")
B20: 7 Years | Y20: Year 16 | AA20: =-INDEX(InvestmentsComparison!F$11:F$31,ROW()-ROW(Calc!AA$4)+1,1) -> 0 | AB20: =INDEX(InvestmentsComparison!I$11:I$31,ROW()-ROW(Calc!AB$4)+1,1) -> 0 | AC20: =-INDEX(InvestmentsComparison!G$11:G$31,ROW()-ROW(Calc!AC$4)+1,1) -> 0 | AD20: =INDEX(InvestmentsComparison!J$11:J$31,ROW()-ROW(Calc!AD$4)+1,1) -> 0 | AF20: 16 | AG20: =IF(ISNUMBER(AH20),MATCH(AF20,InvestmentsComparison!$C$11:$C$31,0)-1,"") | AH20: =IFERROR(MATCH(AF20+1,InvestmentsComparison!$C$11:$C$32,0)-MATCH(AF20,InvestmentsComparison!$C$11:$C$32,0),"") | AI20: =IF(ISNUMBER(AG20),SUM(OFFSET(AA$4,AG20,0,AH20,2)),"") | AJ20: =IF(ISNUMBER(AG20),SUM(OFFSET(AC$4,AG20,0,AH20,2)),"") | AK20: =IFERROR(AI20+$AK$4*AJ20,"") | AL20: =IFERROR(-AI20/AJ20,"") | AM20: =IFERROR(RANK(AK20,$AK$5:$AK$54,1)+AF20/100,"")
B21: 8 Years | Y21: Year 17 | AA21: =-INDEX(InvestmentsComparison!F$11:F$31,ROW()-ROW(Calc!AA$4)+1,1) -> 0 | AB21: =INDEX(InvestmentsComparison!I$11:I$31,ROW()-ROW(Calc!AB$4)+1,1) -> 0 | AC21: =-INDEX(InvestmentsComparison!G$11:G$31,ROW()-ROW(Calc!AC$4)+1,1) -> 0 | AD21: =INDEX(InvestmentsComparison!J$11:J$31,ROW()-ROW(Calc!AD$4)+1,1) -> 0 | AF21: 17 | AG21: =IF(ISNUMBER(AH21),MATCH(AF21,InvestmentsComparison!$C$11:$C$31,0)-1,"") | AH21: =IFERROR(MATCH(AF21+1,InvestmentsComparison!$C$11:$C$32,0)-MATCH(AF21,InvestmentsComparison!$C$11:$C$32,0),"") | AI21: =IF(ISNUMBER(AG21),SUM(OFFSET(AA$4,AG21,0,AH21,2)),"") | AJ21: =IF(ISNUMBER(AG21),SUM(OFFSET(AC$4,AG21,0,AH21,2)),"") | AK21: =IFERROR(AI21+$AK$4*AJ21,"") | AL21: =IFERROR(-AI21/AJ21,"") | AM21: =IFERROR(RANK(AK21,$AK$5:$AK$54,1)+AF21/100,"")
B22: 9 Years | Y22: Year 18 | AA22: =-INDEX(InvestmentsComparison!F$11:F$31,ROW()-ROW(Calc!AA$4)+1,1) -> -180000 | AB22: =INDEX(InvestmentsComparison!I$11:I$31,ROW()-ROW(Calc!AB$4)+1,1) -> 0 | AC22: =-INDEX(InvestmentsComparison!G$11:G$31,ROW()-ROW(Calc!AC$4)+1,1) -> 0 | AD22: =INDEX(InvestmentsComparison!J$11:J$31,ROW()-ROW(Calc!AD$4)+1,1) -> 50000 | AF22: 18 | AG22: =IF(ISNUMBER(AH22),MATCH(AF22,InvestmentsComparison!$C$11:$C$31,0)-1,"") | AH22: =IFERROR(MATCH(AF22+1,InvestmentsComparison!$C$11:$C$32,0)-MATCH(AF22,InvestmentsComparison!$C$11:$C$32,0),"") | AI22: =IF(ISNUMBER(AG22),SUM(OFFSET(AA$4,AG22,0,AH22,2)),"") | AJ22: =IF(ISNUMBER(AG22),SUM(OFFSET(AC$4,AG22,0,AH22,2)),"") | AK22: =IFERROR(AI22+$AK$4*AJ22,"") | AL22: =IFERROR(-AI22/AJ22,"") | AM22: =IFERROR(RANK(AK22,$AK$5:$AK$54,1)+AF22/100,"")
B23: 10 Years | Y23: Year 19 | AA23: =-INDEX(InvestmentsComparison!F$11:F$31,ROW()-ROW(Calc!AA$4)+1,1) -> 0 | AB23: =INDEX(InvestmentsComparison!I$11:I$31,ROW()-ROW(Calc!AB$4)+1,1) -> 0 | AC23: =-INDEX(InvestmentsComparison!G$11:G$31,ROW()-ROW(Calc!AC$4)+1,1) -> -1500 | AD23: =INDEX(InvestmentsComparison!J$11:J$31,ROW()-ROW(Calc!AD$4)+1,1) -> 0 | AF23: 19 | AG23: =IF(ISNUMBER(AH23),MATCH(AF23,InvestmentsComparison!$C$11:$C$31,0)-1,"") | AH23: =IFERROR(MATCH(AF23+1,InvestmentsComparison!$C$11:$C$32,0)-MATCH(AF23,InvestmentsComparison!$C$11:$C$32,0),"") | AI23: =IF(ISNUMBER(AG23),SUM(OFFSET(AA$4,AG23,0,AH23,2)),"") | AJ23: =IF(ISNUMBER(AG23),SUM(OFFSET(AC$4,AG23,0,AH23,2)),"") | AK23: =IFERROR(AI23+$AK$4*AJ23,"") | AL23: =IFERROR(-AI23/AJ23,"") | AM23: =IFERROR(RANK(AK23,$AK$5:$AK$54,1)+AF23/100,"")
B24: 11 Years | Y24: Year 20 | AA24: =-INDEX(InvestmentsComparison!F$11:F$31,ROW()-ROW(Calc!AA$4)+1,1) -> 0 | AB24: =INDEX(InvestmentsComparison!I$11:I$31,ROW()-ROW(Calc!AB$4)+1,1) -> 0 | AC24: =-INDEX(InvestmentsComparison!G$11:G$31,ROW()-ROW(Calc!AC$4)+1,1) -> 0 | AD24: =INDEX(InvestmentsComparison!J$11:J$31,ROW()-ROW(Calc!AD$4)+1,1) -> 0 | AF24: 20 | AG24: =IF(ISNUMBER(AH24),MATCH(AF24,InvestmentsComparison!$C$11:$C$31,0)-1,"") | AH24: =IFERROR(MATCH(AF24+1,InvestmentsComparison!$C$11:$C$32,0)-MATCH(AF24,InvestmentsComparison!$C$11:$C$32,0),"") | AI24: =IF(ISNUMBER(AG24),SUM(OFFSET(AA$4,AG24,0,AH24,2)),"") | AJ24: =IF(ISNUMBER(AG24),SUM(OFFSET(AC$4,AG24,0,AH24,2)),"") | AK24: =IFERROR(AI24+$AK$4*AJ24,"") | AL24: =IFERROR(-AI24/AJ24,"") | AM24: =IFERROR(RANK(AK24,$AK$5:$AK$54,1)+AF24/100,"")
B25: 12 Years | Y25: Year 21
B26: 13 Years | Y26: Year 22
B27: 14 Years | Y27: Year 23
B28: 15 Years | Y28: Year 24
B29: 16 Years | Y29: Year 25
B30: 17 Years | Y30: Year 26
B31: 18 Years | Y31: Year 27
B32: 19 Years | Y32: Year 28
B33: 20 Years | Y33: Year 29
Y34: Year 30
